Workbook

Sheet budget v1
A1: Option | B1: Ordre | C1: Tâches | D1: Pièce | E1: Description des travaux | F1: Retenu | G1: Av % | H1: Estimé | I1: Total
A2: 1 | E2: Excavation | F2: x | G2: =SUMIF(Table4[Corps de métier],Table7[[#This Row],[Description des travaux]],Table4[Total]) -> 10310 | H2: =IF(Table7[[#This Row],[Av %]]>0,Table7[[#This Row],[Av %]]*((1+$G$91)+$G$84),"") -> 11856.5 | I2: =IFERROR(IF(Table7[[#This Row],[Retenu]]="x",Table7[[#This Row],[Estimé]],""),"") -> 11856.5
A3: 2 | E3: Coffrage | F3: x | G3: =SUMIF(Table4[Corps de métier],Table7[[#This Row],[Description des travaux]],Table4[Total]) -> 12978 | H3: =IF(Table7[[#This Row],[Av %]]>0,Table7[[#This Row],[Av %]]*((1+$G$91)+$G$84),"") -> 14924.7 | I3: =IFERROR(IF(Table7[[#This Row],[Retenu]]="x",Table7[[#This Row],[Estimé]],""),"") -> 14924.7
A4: 3 | E4: Structure | F4: x | G4: =SUMIF(Table4[Corps de métier],Table7[[#This Row],[Description des travaux]],Table4[Total]) -> 67240.37 | H4: =IF(Table7[[#This Row],[Av %]]>0,Table7[[#This Row],[Av %]]*((1+$G$91)+$G$84),"") -> 77326.425 | I4: =IFERROR(IF(Table7[[#This Row],[Retenu]]="x",Table7[[#This Row],[Estimé]],""),"") -> 77326.425
A5: 4 | E5: Toiture | F5: x | G5: =SUMIF(Table4[Corps de métier],Table7[[#This Row],[Description des travaux]],Table4[Total]) -> 3584 | H5: =IF(Table7[[#This Row],[Av %]]>0,Table7[[#This Row],[Av %]]*((1+$G$91)+$G$84),"") -> 4121.6 | I5: =IFERROR(IF(Table7[[#This Row],[Retenu]]="x",Table7[[#This Row],[Estimé]],""),"") -> 4121.6
A6: 5 | E6: Porte et fenetre ext | F6: x | G6: =SUMIF(Table4[Corps de métier],Table7[[#This Row],[Description des travaux]],Table4[Total]) -> 11000 | H6: =IF(Table7[[#This Row],[Av %]]>0,Table7[[#This Row],[Av %]]*((1+$G$91)+$G$84),"") -> 12650 | I6: =IFERROR(IF(Table7[[#This Row],[Retenu]]="x",Table7[[#This Row],[Estimé]],""),"") -> 12650
A7: 6 | E7: Plomberie | F7: x | G7: =SUMIF(Table4[Corps de métier],Table7[[#This Row],[Description des travaux]],Table4[Total]) -> 5372.5 | H7: =IF(Table7[[#This Row],[Av %]]>0,Table7[[#This Row],[Av %]]*((1+$G$91)+$G$84),"") -> 6178.375 | I7: =IFERROR(IF(Table7[[#This Row],[Retenu]]="x",Table7[[#This Row],[Estimé]],""),"") -> 6178.375
A8: 7 | E8: Electricien | F8: x | G8: =SUMIF(Table4[Corps de métier],Table7[[#This Row],[Description des travaux]],Table4[Total]) -> 7000 | H8: =IF(Table7[[#This Row],[Av %]]>0,Table7[[#This Row],[Av %]]*((1+$G$91)+$G$84),"") -> 8050 | I8: =IFERROR(IF(Table7[[#This Row],[Retenu]]="x",Table7[[#This Row],[Estimé]],""),"") -> 8050
A9: 8 | E9: Charpentier | F9: x | G9: =SUMIF(Table4[Corps de métier],Table7[[#This Row],[Description des travaux]],Table4[Total]) -> 26943.54 | H9: =IF(Table7[[#This Row],[Av %]]>0,Table7[[#This Row],[Av %]]*((1+$G$91)+$G$84),"") -> 30985.071 | I9: =IFERROR(IF(Table7[[#This Row],[Retenu]]="x",Table7[[#This Row],[Estimé]],""),"") -> 30985.071
A10: 9 | E10: Ventilation | F10: x | G10: =SUMIF(Table4[Corps de métier],Table7[[#This Row],[Description des travaux]],Table4[Total]) -> 500 | H10: =IF(Table7[[#This Row],[Av %]]>0,Table7[[#This Row],[Av %]]*((1+$G$91)+$G$84),"") -> 575 | I10: =IFERROR(IF(Table7[[#This Row],[Retenu]]="x",Table7[[#This Row],[Estimé]],""),"") -> 575
A11: 10 | E11: Revetement exterieur | F11: x | G11: =SUMIF(Table4[Corps de métier],Table7[[#This Row],[Description des travaux]],Table4[Total]) -> 1941 | H11: =IF(Table7[[#This Row],[Av %]]>0,Table7[[#This Row],[Av %]]*((1+$G$91)+$G$84),"") -> 2232.15 | I11: =IFERROR(IF(Table7[[#This Row],[Retenu]]="x",Table7[[#This Row],[Estimé]],""),"") -> 2232.15
A12: 11 | E12: Maconnerie | F12: x | G12: =SUMIF(Table4[Corps de métier],Table7[[#This Row],[Description des travaux]],Table4[Total]) -> 7475 | H12: =IF(Table7[[#This Row],[Av %]]>0,Table7[[#This Row],[Av %]]*((1+$G$91)+$G$84),"") -> 8596.25 | I12: =IFERROR(IF(Table7[[#This Row],[Retenu]]="x",Table7[[#This Row],[Estimé]],""),"") -> 8596.25
A13: 12 | E13: Platrier | F13: x | G13: =SUMIF(Table4[Corps de métier],Table7[[#This Row],[Description des travaux]],Table4[Total]) -> 1575 | H13: =IF(Table7[[#This Row],[Av %]]>0,Table7[[#This Row],[Av %]]*((1+$G$91)+$G$84),"") -> 1811.25 | I13: =IFERROR(IF(Table7[[#This Row],[Retenu]]="x",Table7[[#This Row],[Estimé]],""),"") -> 1811.25
... A22: 21 | E22: Conteneur | F22: x | G22: =SUMIF(Table4[Corps de métier],Table7[[#This Row],[Description des travaux]],Table4[Total]) -> 2400 | H22: =IF(Table7[[#This Row],[Av %]]>0,Table7[[#This Row],[Av %]]*((1+$G$91)+$G$84),"") -> 2760 | I22: =IFERROR(IF(Table7[[#This Row],[Retenu]]="x",Table7[[#This Row],[Estimé]],""),"") -> 2760
H23: =IF('budget v1'!G23>0,'budget v1'!G23*((1+$G$91)+$G$84),"") | I23: =IFERROR(IF('budget v1'!F23="x",'budget v1'!H23,""),"")
H24: =IF('budget v1'!G24>0,'budget v1'!G24*((1+$G$91)+$G$84),"") | I24: =IFERROR(IF('budget v1'!F24="x",'budget v1'!H24,""),"")
H25: =IF('budget v1'!G25>0,'budget v1'!G25*((1+$G$91)+$G$84),"") | I25: =IFERROR(IF('budget v1'!F25="x",'budget v1'!H25,""),"")
H26: =IF('budget v1'!G26>0,'budget v1'!G26*((1+$G$91)+$G$84),"") | I26: =IFERROR(IF('budget v1'!F26="x",'budget v1'!H26,""),"")
H27: =IF('budget v1'!G27>0,'budget v1'!G27*((1+$G$91)+$G$84),"") | I27: =IFERROR(IF('budget v1'!F27="x",'budget v1'!H27,""),"")
H28: =IF('budget v1'!G28>0,'budget v1'!G28*((1+$G$91)+$G$84),"") | I28: =IFERROR(IF('budget v1'!F28="x",'budget v1'!H28,""),"")
H29: =IF('budget v1'!G29>0,'budget v1'!G29*((1+$G$91)+$G$84),"") | I29: =IFERROR(IF('budget v1'!F29="x",'budget v1'!H29,""),"")
H30: =IF('budget v1'!G30>0,'budget v1'!G30*((1+$G$91)+$G$84),"") | I30: =IFERROR(IF('budget v1'!F30="x",'budget v1'!H30,""),"")
H31: =IF('budget v1'!G31>0,'budget v1'!G31*((1+$G$91)+$G$84),"") | I31: =IFERROR(IF('budget v1'!F31="x",'budget v1'!H31,""),"")
H32: =IF('budget v1'!G32>0,'budget v1'!G32*((1+$G$91)+$G$84),"") | I32: =IFERROR(IF('budget v1'!F32="x",'budget v1'!H32,""),"")
H33: =IF('budget v1'!G33>0,'budget v1'!G33*((1+$G$91)+$G$84),"") | I33: =IFERROR(IF('budget v1'!F33="x",'budget v1'!H33,""),"")
H34: =IF('budget v1'!G34>0,'budget v1'!G34*((1+$G$91)+$G$84),"") | I34: =IFERROR(IF('budget v1'!F34="x",'budget v1'!H34,""),"")
... H82: =IF('budget v1'!G82>0,'budget v1'!G82*((1+$G$91)+$G$84),"") | I82: =IFERROR(IF('budget v1'!F82="x",'budget v1'!H82,""),"")
E83: Sous-total | G83: =SUBTOTAL(109,'budget v1'!$G$2:$G$82) -> 206734.91 | I83: =SUBTOTAL(109,'budget v1'!$I$2:$I$82) -> 237745.15
E84: Rabais | G84: 0 | I84: =('budget v1'!$I$83*(G83/I83))*G84 -> 0
E85: TPS | I85: =(('budget v1'!$I$83)-I84)*0.05 -> 11887.257
E86: TVQ | I86: =(('budget v1'!$I$83-I84)*0.09975) -> 23715.078
E87: Total | I87: ='budget v1'!$I$83-I84+I85+I86 -> 273347.48
E88: 1er versement - À la signature du contrat | I88: =I87*0.3 -> 82004.245
E89: 2e versement - Avant de débuter les travaux | I89: =I87*0.4 -> 109338.99
E90: 3e versement - À la fin des travaux | I90: =I87*0.3 -> 82004.245
E91: Profit | G91: 0.15

Sheet Soumission rapide
A1: Corps de métier | B1: Travaux | C1: À inclure | D1: Cout Général | E1: Cout Matériaux | F1: % Surplus | G1: Coût M-O | H1: Général | I1: Cuisine | J1: Salle à manger | K1: Salon 1 | L1: Salon 2 | M1: SDB1 | N1: SDB 2 | O1: Chambre 1 | P1: Chambre 2 | Q1: Chambre 3 | R1: Chambre 4 | S1: Extérieur | T1: Divers | U1: Divers2 | V1: Divers3 | W1: Divers4 | X1: Divers5 | Y1: Total Général | Z1: Total Matériaux | AA1: Total M-O | AB1: Total
A2: Prix P² | B2: Travaux structuraux | Y2: =IF('Soumission rapide'!$D2*(SUM('Soumission rapide'!$H2:$X2))>0,'Soumission rapide'!$D2*(SUM('Soumission rapide'!$H2:$X2)),"") | Z2: =IF('Soumission rapide'!$E2*(1+'Soumission rapide'!$F2)*(SUM('Soumission rapide'!$H2:$X2))>0,'Soumission rapide'!$E2*(1+'Soumission rapide'!$F2)*(SUM('Soumission rapide'!$H2:$X2)),"") | AA2: =IF('Soumission rapide'!$G2*(SUM('Soumission rapide'!$H2:$X2))>0,'Soumission rapide'!$G2*(SUM('Soumission rapide'!$H2:$X2)),"") | AB2: =IF(SUM('Soumission rapide'!$Y2:$AA2)>0,SUM('Soumission rapide'!$Y2:$AA2),"")
A3: Prix P² | B3: Cuisine ébéniste | D3: 170 | I3: 106 | Y3: =IF('Soumission rapide'!$D3*(SUM('Soumission rapide'!$H3:$X3))>0,'Soumission rapide'!$D3*(SUM('Soumission rapide'!$H3:$X3)),"") -> 18020 | Z3: =IF('Soumission rapide'!$E3*(1+'Soumission rapide'!$F3)*(SUM('Soumission rapide'!$H3:$X3))>0,'Soumission rapide'!$E3*(1+'Soumission rapide'!$F3)*(SUM('Soumission rapide'!$H3:$X3)),"") | AA3: =IF('Soumission rapide'!$G3*(SUM('Soumission rapide'!$H3:$X3))>0,'Soumission rapide'!$G3*(SUM('Soumission rapide'!$H3:$X3)),"") | AB3: =IF(SUM('Soumission rapide'!$Y3:$AA3)>0,SUM('Soumission rapide'!$Y3:$AA3),"") -> 18020
A4: Prix P² | B4: Cuisine Ikea | E4: 35 | G4: 60 | Y4: =IF('Soumission rapide'!$D4*(SUM('Soumission rapide'!$H4:$X4))>0,'Soumission rapide'!$D4*(SUM('Soumission rapide'!$H4:$X4)),"") | Z4: =IF('Soumission rapide'!$E4*(1+'Soumission rapide'!$F4)*(SUM('Soumission rapide'!$H4:$X4))>0,'Soumission rapide'!$E4*(1+'Soumission rapide'!$F4)*(SUM('Soumission rapide'!$H4:$X4)),"") | AA4: =IF('Soumission rapide'!$G4*(SUM('Soumission rapide'!$H4:$X4))>0,'Soumission rapide'!$G4*(SUM('Soumission rapide'!$H4:$X4)),"") | AB4: =IF(SUM('Soumission rapide'!$Y4:$AA4)>0,SUM('Soumission rapide'!$Y4:$AA4),"")
A5: Prix P² | B5: Salle de bain | D5: 180 | Y5: =IF('Soumission rapide'!$D5*(SUM('Soumission rapide'!$H5:$X5))>0,'Soumission rapide'!$D5*(SUM('Soumission rapide'!$H5:$X5)),"") | Z5: =IF('Soumission rapide'!$E5*(1+'Soumission rapide'!$F5)*(SUM('Soumission rapide'!$H5:$X5))>0,'Soumission rapide'!$E5*(1+'Soumission rapide'!$F5)*(SUM('Soumission rapide'!$H5:$X5)),"") | AA5: =IF('Soumission rapide'!$G5*(SUM('Soumission rapide'!$H5:$X5))>0,'Soumission rapide'!$G5*(SUM('Soumission rapide'!$H5:$X5)),"") | AB5: =IF(SUM('Soumission rapide'!$Y5:$AA5)>0,SUM('Soumission rapide'!$Y5:$AA5),"")
A6: Prix P² | B6: Piece divers | D6: 25 | Y6: =IF('Soumission rapide'!$D6*(SUM('Soumission rapide'!$H6:$X6))>0,'Soumission rapide'!$D6*(SUM('Soumission rapide'!$H6:$X6)),"") | Z6: =IF('Soumission rapide'!$E6*(1+'Soumission rapide'!$F6)*(SUM('Soumission rapide'!$H6:$X6))>0,'Soumission rapide'!$E6*(1+'Soumission rapide'!$F6)*(SUM('Soumission rapide'!$H6:$X6)),"") | AA6: =IF('Soumission rapide'!$G6*(SUM('Soumission rapide'!$H6:$X6))>0,'Soumission rapide'!$G6*(SUM('Soumission rapide'!$H6:$X6)),"") | AB6: =IF(SUM('Soumission rapide'!$Y6:$AA6)>0,SUM('Soumission rapide'!$Y6:$AA6),"")
A7: Prix P² | B7: Construction neuve bungalow (p²) | D7: 170 | Y7: =IF('Soumission rapide'!$D7*(SUM('Soumission rapide'!$H7:$X7))>0,'Soumission rapide'!$D7*(SUM('Soumission rapide'!$H7:$X7)),"") | Z7: =IF('Soumission rapide'!$E7*(1+'Soumission rapide'!$F7)*(SUM('Soumission rapide'!$H7:$X7))>0,'Soumission rapide'!$E7*(1+'Soumission rapide'!$F7)*(SUM('Soumission rapide'!$H7:$X7)),"") | AA7: =IF('Soumission rapide'!$G7*(SUM('Soumission rapide'!$H7:$X7))>0,'Soumission rapide'!$G7*(SUM('Soumission rapide'!$H7:$X7)),"") | AB7: =IF(SUM('Soumission rapide'!$Y7:$AA7)>0,SUM('Soumission rapide'!$Y7:$AA7),"")
A8: Prix P² | B8: Construction neuve cottage (p²) | D8: 160 | H8: =479+400 -> 879 | Y8: =IF('Soumission rapide'!$D8*(SUM('Soumission rapide'!$H8:$X8))>0,'Soumission rapide'!$D8*(SUM('Soumission rapide'!$H8:$X8)),"") -> 140640 | Z8: =IF('Soumission rapide'!$E8*(1+'Soumission rapide'!$F8)*(SUM('Soumission rapide'!$H8:$X8))>0,'Soumission rapide'!$E8*(1+'Soumission rapide'!$F8)*(SUM('Soumission rapide'!$H8:$X8)),"") | AA8: =IF('Soumission rapide'!$G8*(SUM('Soumission rapide'!$H8:$X8))>0,'Soumission rapide'!$G8*(SUM('Soumission rapide'!$H8:$X8)),"") | AB8: =IF(SUM('Soumission rapide'!$Y8:$AA8)>0,SUM('Soumission rapide'!$Y8:$AA8),"") -> 140640
A9: Prix P² | B9: Construction neuve jumelé (p²) | D9: 150 | Y9: =IF('Soumission rapide'!$D9*(SUM('Soumission rapide'!$H9:$X9))>0,'Soumission rapide'!$D9*(SUM('Soumission rapide'!$H9:$X9)),"") | Z9: =IF('Soumission rapide'!$E9*(1+'Soumission rapide'!$F9)*(SUM('Soumission rapide'!$H9:$X9))>0,'Soumission rapide'!$E9*(1+'Soumission rapide'!$F9)*(SUM('Soumission rapide'!$H9:$X9)),"") | AA9: =IF('Soumission rapide'!$G9*(SUM('Soumission rapide'!$H9:$X9))>0,'Soumission rapide'!$G9*(SUM('Soumission rapide'!$H9:$X9)),"") | AB9: =IF(SUM('Soumission rapide'!$Y9:$AA9)>0,SUM('Soumission rapide'!$Y9:$AA9),"")
A10: Prix P² | B10: Coustruction neuve finition sous-sol (p²) | D10: 40 | Y10: =IF('Soumission rapide'!$D10*(SUM('Soumission rapide'!$H10:$X10))>0,'Soumission rapide'!$D10*(SUM('Soumission rapide'!$H10:$X10)),"") | Z10: =IF('Soumission rapide'!$E10*(1+'Soumission rapide'!$F10)*(SUM('Soumission rapide'!$H10:$X10))>0,'Soumission rapide'!$E10*(1+'Soumission rapide'!$F10)*(SUM('Soumission rapide'!$H10:$X10)),"") | AA10: =IF('Soumission rapide'!$G10*(SUM('Soumission rapide'!$H10:$X10))>0,'Soumission rapide'!$G10*(SUM('Soumission rapide'!$H10:$X10)),"") | AB10: =IF(SUM('Soumission rapide'!$Y10:$AA10)>0,SUM('Soumission rapide'!$Y10:$AA10),"")
Y11: =IF('Soumission rapide'!$D11*(SUM('Soumission rapide'!$H11:$X11))>0,'Soumission rapide'!$D11*(SUM('Soumission rapide'!$H11:$X11)),"") | Z11: =IF('Soumission rapide'!$E11*(1+'Soumission rapide'!$F11)*(SUM('Soumission rapide'!$H11:$X11))>0,'Soumission rapide'!$E11*(1+'Soumission rapide'!$F11)*(SUM('Soumission rapide'!$H11:$X11)),"") | AA11: =IF('Soumission rapide'!$G11*(SUM('Soumission rapide'!$H11:$X11))>0,'Soumission rapide'!$G11*(SUM('Soumission rapide'!$H11:$X11)),"") | AB11: =IF(SUM('Soumission rapide'!$Y11:$AA11)>0,SUM('Soumission rapide'!$Y11:$AA11),"")
Y12: =IF('Soumission rapide'!$D12*(SUM('Soumission rapide'!$H12:$X12))>0,'Soumission rapide'!$D12*(SUM('Soumission rapide'!$H12:$X12)),"") | Z12: =IF('Soumission rapide'!$E12*(1+'Soumission rapide'!$F12)*(SUM('Soumission rapide'!$H12:$X12))>0,'Soumission rapide'!$E12*(1+'Soumission rapide'!$F12)*(SUM('Soumission rapide'!$H12:$X12)),"") | AA12: =IF('Soumission rapide'!$G12*(SUM('Soumission rapide'!$H12:$X12))>0,'Soumission rapide'!$G12*(SUM('Soumission rapide'!$H12:$X12)),"") | AB12: =IF(SUM('Soumission rapide'!$Y12:$AA12)>0,SUM('Soumission rapide'!$Y12:$AA12),"")
Y13: =IF('Soumission rapide'!$D13*(SUM('Soumission rapide'!$H13:$X13))>0,'Soumission rapide'!$D13*(SUM('Soumission rapide'!$H13:$X13)),"") | Z13: =IF('Soumission rapide'!$E13*(1+'Soumission rapide'!$F13)*(SUM('Soumission rapide'!$H13:$X13))>0,'Soumission rapide'!$E13*(1+'Soumission rapide'!$F13)*(SUM('Soumission rapide'!$H13:$X13)),"") | AA13: =IF('Soumission rapide'!$G13*(SUM('Soumission rapide'!$H13:$X13))>0,'Soumission rapide'!$G13*(SUM('Soumission rapide'!$H13:$X13)),"") | AB13: =IF(SUM('Soumission rapide'!$Y13:$AA13)>0,SUM('Soumission rapide'!$Y13:$AA13),"")
Y14: =IF('Soumission rapide'!$D14*(SUM('Soumission rapide'!$H14:$X14))>0,'Soumission rapide'!$D14*(SUM('Soumission rapide'!$H14:$X14)),"") | Z14: =IF('Soumission rapide'!$E14*(1+'Soumission rapide'!$F14)*(SUM('Soumission rapide'!$H14:$X14))>0,'Soumission rapide'!$E14*(1+'Soumission rapide'!$F14)*(SUM('Soumission rapide'!$H14:$X14)),"") | AA14: =IF('Soumission rapide'!$G14*(SUM('Soumission rapide'!$H14:$X14))>0,'Soumission rapide'!$G14*(SUM('Soumission rapide'!$H14:$X14)),"") | AB14: =IF(SUM('Soumission rapide'!$Y14:$AA14)>0,SUM('Soumission rapide'!$Y14:$AA14),"")
A15: Amenagement ext | B15: Pose de tourbe sans exc (p²) | C15: x | D15: 4 | S15: 277 | Y15: =IF('Soumission rapide'!$D15*(SUM('Soumission rapide'!$H15:$X15))>0,'Soumission rapide'!$D15*(SUM('Soumission rapide'!$H15:$X15)),"") -> 1108 | Z15: =IF('Soumission rapide'!$E15*(1+'Soumission rapide'!$F15)*(SUM('Soumission rapide'!$H15:$X15))>0,'Soumission rapide'!$E15*(1+'Soumission rapide'!$F15)*(SUM('Soumission rapide'!$H15:$X15)),"") | AA15: =IF('Soumission rapide'!$G15*(SUM('Soumission rapide'!$H15:$X15))>0,'Soumission rapide'!$G15*(SUM('Soumission rapide'!$H15:$X15)),"") | AB15: =IF(SUM('Soumission rapide'!$Y15:$AA15)>0,SUM('Soumission rapide'!$Y15:$AA15),"") -> 1108
A16: Amenagement ext | B16: Pose de tourbe avec exc (p²) | D16: 5.5 | Y16: =IF('Soumission rapide'!$D16*(SUM('Soumission rapide'!$H16:$X16))>0,'Soumission rapide'!$D16*(SUM('Soumission rapide'!$H16:$X16)),"") | Z16: =IF('Soumission rapide'!$E16*(1+'Soumission rapide'!$F16)*(SUM('Soumission rapide'!$H16:$X16))>0,'Soumission rapide'!$E16*(1+'Soumission rapide'!$F16)*(SUM('Soumission rapide'!$H16:$X16)),"") | AA16: =IF('Soumission rapide'!$G16*(SUM('Soumission rapide'!$H16:$X16))>0,'Soumission rapide'!$G16*(SUM('Soumission rapide'!$H16:$X16)),"") | AB16: =IF(SUM('Soumission rapide'!$Y16:$AA16)>0,SUM('Soumission rapide'!$Y16:$AA16),"")
A17: Amenagement ext | B17: Haie de cèdre 6 p de haut (Pl) | D17: 35 | Y17: =IF('Soumission rapide'!$D17*(SUM('Soumission rapide'!$H17:$X17))>0,'Soumission rapide'!$D17*(SUM('Soumission rapide'!$H17:$X17)),"") | Z17: =IF('Soumission rapide'!$E17*(1+'Soumission rapide'!$F17)*(SUM('Soumission rapide'!$H17:$X17))>0,'Soumission rapide'!$E17*(1+'Soumission rapide'!$F17)*(SUM('Soumission rapide'!$H17:$X17)),"") | AA17: =IF('Soumission rapide'!$G17*(SUM('Soumission rapide'!$H17:$X17))>0,'Soumission rapide'!$G17*(SUM('Soumission rapide'!$H17:$X17)),"") | AB17: =IF(SUM('Soumission rapide'!$Y17:$AA17)>0,SUM('Soumission rapide'!$Y17:$AA17),"")
A18: Amenagement ext | B18: Ensemencement p² | Y18: =IF('Soumission rapide'!$D18*(SUM('Soumission rapide'!$H18:$X18))>0,'Soumission rapide'!$D18*(SUM('Soumission rapide'!$H18:$X18)),"") | Z18: =IF('Soumission rapide'!$E18*(1+'Soumission rapide'!$F18)*(SUM('Soumission rapide'!$H18:$X18))>0,'Soumission rapide'!$E18*(1+'Soumission rapide'!$F18)*(SUM('Soumission rapide'!$H18:$X18)),"") | AA18: =IF('Soumission rapide'!$G18*(SUM('Soumission rapide'!$H18:$X18))>0,'Soumission rapide'!$G18*(SUM('Soumission rapide'!$H18:$X18)),"") | AB18: =IF(SUM('Soumission rapide'!$Y18:$AA18)>0,SUM('Soumission rapide'!$Y18:$AA18),"")
A19: Amenagement ext | B19: Installation cloture bois traité (Pl) | D19: 155 | Y19: =IF('Soumission rapide'!$D19*(SUM('Soumission rapide'!$H19:$X19))>0,'Soumission rapide'!$D19*(SUM('Soumission rapide'!$H19:$X19)),"") | Z19: =IF('Soumission rapide'!$E19*(1+'Soumission rapide'!$F19)*(SUM('Soumission rapide'!$H19:$X19))>0,'Soumission rapide'!$E19*(1+'Soumission rapide'!$F19)*(SUM('Soumission rapide'!$H19:$X19)),"") | AA19: =IF('Soumission rapide'!$G19*(SUM('Soumission rapide'!$H19:$X19))>0,'Soumission rapide'!$G19*(SUM('Soumission rapide'!$H19:$X19)),"") | AB19: =IF(SUM('Soumission rapide'!$Y19:$AA19)>0,SUM('Soumission rapide'!$Y19:$AA19),"")
A20: Amenagement ext | B20: Installation cloture composite (Pl) | D20: 225 | Y20: =IF('Soumission rapide'!$D20*(SUM('Soumission rapide'!$H20:$X20))>0,'Soumission rapide'!$D20*(SUM('Soumission rapide'!$H20:$X20)),"") | Z20: =IF('Soumission rapide'!$E20*(1+'Soumission rapide'!$F20)*(SUM('Soumission rapide'!$H20:$X20))>0,'Soumission rapide'!$E20*(1+'Soumission rapide'!$F20)*(SUM('Soumission rapide'!$H20:$X20)),"") | AA20: =IF('Soumission rapide'!$G20*(SUM('Soumission rapide'!$H20:$X20))>0,'Soumission rapide'!$G20*(SUM('Soumission rapide'!$H20:$X20)),"") | AB20: =IF(SUM('Soumission rapide'!$Y20:$AA20)>0,SUM('Soumission rapide'!$Y20:$AA20),"")
A21: Amenagement ext | B21: Installation cloture verre (Pl) | D21: 150 | Y21: =IF('Soumission rapide'!$D21*(SUM('Soumission rapide'!$H21:$X21))>0,'Soumission rapide'!$D21*(SUM('Soumission rapide'!$H21:$X21)),"") | Z21: =IF('Soumission rapide'!$E21*(1+'Soumission rapide'!$F21)*(SUM('Soumission rapide'!$H21:$X21))>0,'Soumission rapide'!$E21*(1+'Soumission rapide'!$F21)*(SUM('Soumission rapide'!$H21:$X21)),"") | AA21: =IF('Soumission rapide'!$G21*(SUM('Soumission rapide'!$H21:$X21))>0,'Soumission rapide'!$G21*(SUM('Soumission rapide'!$H21:$X21)),"") | AB21: =IF(SUM('Soumission rapide'!$Y21:$AA21)>0,SUM('Soumission rapide'!$Y21:$AA21),"")
A22: Amenagement ext | B22: Installation porte cloture verre (un) | D22: 1000 | Y22: =IF('Soumission rapide'!$D22*(SUM('Soumission rapide'!$H22:$X22))>0,'Soumission rapide'!$D22*(SUM('Soumission rapide'!$H22:$X22)),"") | Z22: =IF('Soumission rapide'!$E22*(1+'Soumission rapide'!$F22)*(SUM('Soumission rapide'!$H22:$X22))>0,'Soumission rapide'!$E22*(1+'Soumission rapide'!$F22)*(SUM('Soumission rapide'!$H22:$X22)),"") | AA22: =IF('Soumission rapide'!$G22*(SUM('Soumission rapide'!$H22:$X22))>0,'Soumission rapide'!$G22*(SUM('Soumission rapide'!$H22:$X22)),"") | AB22: =IF(SUM('Soumission rapide'!$Y22:$AA22)>0,SUM('Soumission rapide'!$Y22:$AA22),"")
A23: Amenagement ext | B23: Installation cloture aluminium Pl | D23: 60 | Y23: =IF('Soumission rapide'!$D23*(SUM('Soumission rapide'!$H23:$X23))>0,'Soumission rapide'!$D23*(SUM('Soumission rapide'!$H23:$X23)),"") | Z23: =IF('Soumission rapide'!$E23*(1+'Soumission rapide'!$F23)*(SUM('Soumission rapide'!$H23:$X23))>0,'Soumission rapide'!$E23*(1+'Soumission rapide'!$F23)*(SUM('Soumission rapide'!$H23:$X23)),"") | AA23: =IF('Soumission rapide'!$G23*(SUM('Soumission rapide'!$H23:$X23))>0,'Soumission rapide'!$G23*(SUM('Soumission rapide'!$H23:$X23)),"") | AB23: =IF(SUM('Soumission rapide'!$Y23:$AA23)>0,SUM('Soumission rapide'!$Y23:$AA23),"")
A24: Amenagement ext | B24: Installation cloture fer forgé Pl | D24: 50 | Y24: =IF('Soumission rapide'!$D24*(SUM('Soumission rapide'!$H24:$X24))>0,'Soumission rapide'!$D24*(SUM('Soumission rapide'!$H24:$X24)),"") | Z24: =IF('Soumission rapide'!$E24*(1+'Soumission rapide'!$F24)*(SUM('Soumission rapide'!$H24:$X24))>0,'Soumission rapide'!$E24*(1+'Soumission rapide'!$F24)*(SUM('Soumission rapide'!$H24:$X24)),"") | AA24: =IF('Soumission rapide'!$G24*(SUM('Soumission rapide'!$H24:$X24))>0,'Soumission rapide'!$G24*(SUM('Soumission rapide'!$H24:$X24)),"") | AB24: =IF(SUM('Soumission rapide'!$Y24:$AA24)>0,SUM('Soumission rapide'!$Y24:$AA24),"")
A25: Amenagement ext | B25: Balcon avec pieux bois traité P² | D25: 55 | Y25: =IF('Soumission rapide'!$D25*(SUM('Soumission rapide'!$H25:$X25))>0,'Soumission rapide'!$D25*(SUM('Soumission rapide'!$H25:$X25)),"") | Z25: =IF('Soumission rapide'!$E25*(1+'Soumission rapide'!$F25)*(SUM('Soumission rapide'!$H25:$X25))>0,'Soumission rapide'!$E25*(1+'Soumission rapide'!$F25)*(SUM('Soumission rapide'!$H25:$X25)),"") | AA25: =IF('Soumission rapide'!$G25*(SUM('Soumission rapide'!$H25:$X25))>0,'Soumission rapide'!$G25*(SUM('Soumission rapide'!$H25:$X25)),"") | AB25: =IF(SUM('Soumission rapide'!$Y25:$AA25)>0,SUM('Soumission rapide'!$Y25:$AA25),"")
A26: Amenagement ext | B26: Balcon avec pieux bois cedre P² | D26: 75 | Y26: =IF('Soumission rapide'!$D26*(SUM('Soumission rapide'!$H26:$X26))>0,'Soumission rapide'!$D26*(SUM('Soumission rapide'!$H26:$X26)),"") | Z26: =IF('Soumission rapide'!$E26*(1+'Soumission rapide'!$F26)*(SUM('Soumission rapide'!$H26:$X26))>0,'Soumission rapide'!$E26*(1+'Soumission rapide'!$F26)*(SUM('Soumission rapide'!$H26:$X26)),"") | AA26: =IF('Soumission rapide'!$G26*(SUM('Soumission rapide'!$H26:$X26))>0,'Soumission rapide'!$G26*(SUM('Soumission rapide'!$H26:$X26)),"") | AB26: =IF(SUM('Soumission rapide'!$Y26:$AA26)>0,SUM('Soumission rapide'!$Y26:$AA26),"")
A27: Amenagement ext | B27: Balcon avec pieux composite P² | D27: 135 | Y27: =IF('Soumission rapide'!$D27*(SUM('Soumission rapide'!$H27:$X27))>0,'Soumission rapide'!$D27*(SUM('Soumission rapide'!$H27:$X27)),"") | Z27: =IF('Soumission rapide'!$E27*(1+'Soumission rapide'!$F27)*(SUM('Soumission rapide'!$H27:$X27))>0,'Soumission rapide'!$E27*(1+'Soumission rapide'!$F27)*(SUM('Soumission rapide'!$H27:$X27)),"") | AA27: =IF('Soumission rapide'!$G27*(SUM('Soumission rapide'!$H27:$X27))>0,'Soumission rapide'!$G27*(SUM('Soumission rapide'!$H27:$X27)),"") | AB27: =IF(SUM('Soumission rapide'!$Y27:$AA27)>0,SUM('Soumission rapide'!$Y27:$AA27),"")
A28: Amenagement ext | B28: Balcon pavé-uni P² | Y28: =IF('Soumission rapide'!$D28*(SUM('Soumission rapide'!$H28:$X28))>0,'Soumission rapide'!$D28*(SUM('Soumission rapide'!$H28:$X28)),"") | Z28: =IF('Soumission rapide'!$E28*(1+'Soumission rapide'!$F28)*(SUM('Soumission rapide'!$H28:$X28))>0,'Soumission rapide'!$E28*(1+'Soumission rapide'!$F28)*(SUM('Soumission rapide'!$H28:$X28)),"") | AA28: =IF('Soumission rapide'!$G28*(SUM('Soumission rapide'!$H28:$X28))>0,'Soumission rapide'!$G28*(SUM('Soumission rapide'!$H28:$X28)),"") | AB28: =IF(SUM('Soumission rapide'!$Y28:$AA28)>0,SUM('Soumission rapide'!$Y28:$AA28),"")
A29: Amenagement ext | B29: Balcon béton P² | D29: 88 | Y29: =IF('Soumission rapide'!$D29*(SUM('Soumission rapide'!$H29:$X29))>0,'Soumission rapide'!$D29*(SUM('Soumission rapide'!$H29:$X29)),"") | Z29: =IF('Soumission rapide'!$E29*(1+'Soumission rapide'!$F29)*(SUM('Soumission rapide'!$H29:$X29))>0,'Soumission rapide'!$E29*(1+'Soumission rapide'!$F29)*(SUM('Soumission rapide'!$H29:$X29)),"") | AA29: =IF('Soumission rapide'!$G29*(SUM('Soumission rapide'!$H29:$X29))>0,'Soumission rapide'!$G29*(SUM('Soumission rapide'!$H29:$X29)),"") | AB29: =IF(SUM('Soumission rapide'!$Y29:$AA29)>0,SUM('Soumission rapide'!$Y29:$AA29),"")
A30: Amenagement ext | B30: Pavé uni sans excavation arrière (p²) | D30: =30 -> 30 | Y30: =IF('Soumission rapide'!$D30*(SUM('Soumission rapide'!$H30:$X30))>0,'Soumission rapide'!$D30*(SUM('Soumission rapide'!$H30:$X30)),"") | Z30: =IF('Soumission rapide'!$E30*(1+'Soumission rapide'!$F30)*(SUM('Soumission rapide'!$H30:$X30))>0,'Soumission rapide'!$E30*(1+'Soumission rapide'!$F30)*(SUM('Soumission rapide'!$H30:$X30)),"") | AA30: =IF('Soumission rapide'!$G30*(SUM('Soumission rapide'!$H30:$X30))>0,'Soumission rapide'!$G30*(SUM('Soumission rapide'!$H30:$X30)),"") | AB30: =IF(SUM('Soumission rapide'!$Y30:$AA30)>0,SUM('Soumission rapide'!$Y30:$AA30),"")
A31: Amenagement ext | B31: Pavé uni avec excavation arrière (p²) | D31: =30+12 -> 42 | Y31: =IF('Soumission rapide'!$D31*(SUM('Soumission rapide'!$H31:$X31))>0,'Soumission rapide'!$D31*(SUM('Soumission rapide'!$H31:$X31)),"") | Z31: =IF('Soumission rapide'!$E31*(1+'Soumission rapide'!$F31)*(SUM('Soumission rapide'!$H31:$X31))>0,'Soumission rapide'!$E31*(1+'Soumission rapide'!$F31)*(SUM('Soumission rapide'!$H31:$X31)),"") | AA31: =IF('Soumission rapide'!$G31*(SUM('Soumission rapide'!$H31:$X31))>0,'Soumission rapide'!$G31*(SUM('Soumission rapide'!$H31:$X31)),"") | AB31: =IF(SUM('Soumission rapide'!$Y31:$AA31)>0,SUM('Soumission rapide'!$Y31:$AA31),"")
A32: Amenagement ext | B32: Pavé uni sans excavation avant (p²) | C32: x | D32: 33 | S32: 200 | Y32: =IF('Soumission rapide'!$D32*(SUM('Soumission rapide'!$H32:$X32))>0,'Soumission rapide'!$D32*(SUM('Soumission rapide'!$H32:$X32)),"") -> 6600 | Z32: =IF('Soumission rapide'!$E32*(1+'Soumission rapide'!$F32)*(SUM('Soumission rapide'!$H32:$X32))>0,'Soumission rapide'!$E32*(1+'Soumission rapide'!$F32)*(SUM('Soumission rapide'!$H32:$X32)),"") | AA32: =IF('Soumission rapide'!$G32*(SUM('Soumission rapide'!$H32:$X32))>0,'Soumission rapide'!$G32*(SUM('Soumission rapide'!$H32:$X32)),"") | AB32: =IF(SUM('Soumission rapide'!$Y32:$AA32)>0,SUM('Soumission rapide'!$Y32:$AA32),"") -> 6600
A33: Amenagement ext | B33: Pavé uni avec excavation avant (p²) | D33: =28+12 -> 40 | Y33: =IF('Soumission rapide'!$D33*(SUM('Soumission rapide'!$H33:$X33))>0,'Soumission rapide'!$D33*(SUM('Soumission rapide'!$H33:$X33)),"") | Z33: =IF('Soumission rapide'!$E33*(1+'Soumission rapide'!$F33)*(SUM('Soumission rapide'!$H33:$X33))>0,'Soumission rapide'!$E33*(1+'Soumission rapide'!$F33)*(SUM('Soumission rapide'!$H33:$X33)),"") | AA33: =IF('Soumission rapide'!$G33*(SUM('Soumission rapide'!$H33:$X33))>0,'Soumission rapide'!$G33*(SUM('Soumission rapide'!$H33:$X33)),"") | AB33: =IF(SUM('Soumission rapide'!$Y33:$AA33)>0,SUM('Soumission rapide'!$Y33:$AA33),"") | AD33: Structure
A34: Amenagement ext | B34: Asphalte sans exc (p²) | D34: 15 | Y34: =IF('Soumission rapide'!$D34*(SUM('Soumission rapide'!$H34:$X34))>0,'Soumission rapide'!$D34*(SUM('Soumission rapide'!$H34:$X34)),"") | Z34: =IF('Soumission rapide'!$E34*(1+'Soumission rapide'!$F34)*(SUM('Soumission rapide'!$H34:$X34))>0,'Soumission rapide'!$E34*(1+'Soumission rapide'!$F34)*(SUM('Soumission rapide'!$H34:$X34)),"") | AA34: =IF('Soumission rapide'!$G34*(SUM('Soumission rapide'!$H34:$X34))>0,'Soumission rapide'!$G34*(SUM('Soumission rapide'!$H34:$X34)),"") | AB34: =IF(SUM('Soumission rapide'!$Y34:$AA34)>0,SUM('Soumission rapide'!$Y34:$AA34),"") | AD34: Toiture
A35: Amenagement ext | B35: Asphalte avec exc (p²) | D35: 25 | Y35: =IF('Soumission rapide'!$D35*(SUM('Soumission rapide'!$H35:$X35))>0,'Soumission rapide'!$D35*(SUM('Soumission rapide'!$H35:$X35)),"") | Z35: =IF('Soumission rapide'!$E35*(1+'Soumission rapide'!$F35)*(SUM('Soumission rapide'!$H35:$X35))>0,'Soumission rapide'!$E35*(1+'Soumission rapide'!$F35)*(SUM('Soumission rapide'!$H35:$X35)),"") | AA35: =IF('Soumission rapide'!$G35*(SUM('Soumission rapide'!$H35:$X35))>0,'Soumission rapide'!$G35*(SUM('Soumission rapide'!$H35:$X35)),"") | AB35: =IF(SUM('Soumission rapide'!$Y35:$AA35)>0,SUM('Soumission rapide'!$Y35:$AA35),"") | AD35: Ventilation
A36: Amenagement ext | B36: Dalle béton 8'' epais, 12'' roche sans exc (p²) | S36: 17 | Y36: =IF('Soumission rapide'!$D36*(SUM('Soumission rapide'!$H36:$X36))>0,'Soumission rapide'!$D36*(SUM('Soumission rapide'!$H36:$X36)),"") | Z36: =IF('Soumission rapide'!$E36*(1+'Soumission rapide'!$F36)*(SUM('Soumission rapide'!$H36:$X36))>0,'Soumission rapide'!$E36*(1+'Soumission rapide'!$F36)*(SUM('Soumission rapide'!$H36:$X36)),"") | AA36: =IF('Soumission rapide'!$G36*(SUM('Soumission rapide'!$H36:$X36))>0,'Soumission rapide'!$G36*(SUM('Soumission rapide'!$H36:$X36)),"") | AB36: =IF(SUM('Soumission rapide'!$Y36:$AA36)>0,SUM('Soumission rapide'!$Y36:$AA36),"")
A37: Amenagement ext | B37: Dalle béton 8'' epais, 12'' roche avec exc (p²) | D37: 50 | Y37: =IF('Soumission rapide'!$D37*(SUM('Soumission rapide'!$H37:$X37))>0,'Soumission rapide'!$D37*(SUM('Soumission rapide'!$H37:$X37)),"") | Z37: =IF('Soumission rapide'!$E37*(1+'Soumission rapide'!$F37)*(SUM('Soumission rapide'!$H37:$X37))>0,'Soumission rapide'!$E37*(1+'Soumission rapide'!$F37)*(SUM('Soumission rapide'!$H37:$X37)),"") | AA37: =IF('Soumission rapide'!$G37*(SUM('Soumission rapide'!$H37:$X37))>0,'Soumission rapide'!$G37*(SUM('Soumission rapide'!$H37:$X37)),"") | AB37: =IF(SUM('Soumission rapide'!$Y37:$AA37)>0,SUM('Soumission rapide'!$Y37:$AA37),"")
A38: Amenagement ext | B38: Muret de pierre (p²) | C38: x | D38: 65 | S38: =23*3 -> 69 | Y38: =IF('Soumission rapide'!$D38*(SUM('Soumission rapide'!$H38:$X38))>0,'Soumission rapide'!$D38*(SUM('Soumission rapide'!$H38:$X38)),"") -> 4485 | Z38: =IF('Soumission rapide'!$E38*(1+'Soumission rapide'!$F38)*(SUM('Soumission rapide'!$H38:$X38))>0,'Soumission rapide'!$E38*(1+'Soumission rapide'!$F38)*(SUM('Soumission rapide'!$H38:$X38)),"") | AA38: =IF('Soumission rapide'!$G38*(SUM('Soumission rapide'!$H38:$X38))>0,'Soumission rapide'!$G38*(SUM('Soumission rapide'!$H38:$X38)),"") | AB38: =IF(SUM('Soumission rapide'!$Y38:$AA38)>0,SUM('Soumission rapide'!$Y38:$AA38),"") -> 4485
Y39: =IF('Soumission rapide'!$D39*(SUM('Soumission rapide'!$H39:$X39))>0,'Soumission rapide'!$D39*(SUM('Soumission rapide'!$H39:$X39)),"") | Z39: =IF('Soumission rapide'!$E39*(1+'Soumission rapide'!$F39)*(SUM('Soumission rapide'!$H39:$X39))>0,'Soumission rapide'!$E39*(1+'Soumission rapide'!$F39)*(SUM('Soumission rapide'!$H39:$X39)),"") | AA39: =IF('Soumission rapide'!$G39*(SUM('Soumission rapide'!$H39:$X39))>0,'Soumission rapide'!$G39*(SUM('Soumission rapide'!$H39:$X39)),"") | AB39: =IF(SUM('Soumission rapide'!$Y39:$AA39)>0,SUM('Soumission rapide'!$Y39:$AA39),"")
Y40: =IF('Soumission rapide'!$D40*(SUM('Soumission rapide'!$H40:$X40))>0,'Soumission rapide'!$D40*(SUM('Soumission rapide'!$H40:$X40)),"") | Z40: =IF('Soumission rapide'!$E40*(1+'Soumission rapide'!$F40)*(SUM('Soumission rapide'!$H40:$X40))>0,'Soumission rapide'!$E40*(1+'Soumission rapide'!$F40)*(SUM('Soumission rapide'!$H40:$X40)),"") | AA40: =IF('Soumission rapide'!$G40*(SUM('Soumission rapide'!$H40:$X40))>0,'Soumission rapide'!$G40*(SUM('Soumission rapide'!$H40:$X40)),"") | AB40: =IF(SUM('Soumission rapide'!$Y40:$AA40)>0,SUM('Soumission rapide'!$Y40:$AA40),"")
A41: Architecte | B41: Création de plan P² | G41: 160 | Y41: =IF('Soumission rapide'!$D41*(SUM('Soumission rapide'!$H41:$X41))>0,'Soumission rapide'!$D41*(SUM('Soumission rapide'!$H41:$X41)),"") | Z41: =IF('Soumission rapide'!$E41*(1+'Soumission rapide'!$F41)*(SUM('Soumission rapide'!$H41:$X41))>0,'Soumission rapide'!$E41*(1+'Soumission rapide'!$F41)*(SUM('Soumission rapide'!$H41:$X41)),"") | AA41: =IF('Soumission rapide'!$G41*(SUM('Soumission rapide'!$H41:$X41))>0,'Soumission rapide'!$G41*(SUM('Soumission rapide'!$H41:$X41)),"") | AB41: =IF(SUM('Soumission rapide'!$Y41:$AA41)>0,SUM('Soumission rapide'!$Y41:$AA41),"")
Y42: =IF('Soumission rapide'!$D42*(SUM('Soumission rapide'!$H42:$X42))>0,'Soumission rapide'!$D42*(SUM('Soumission rapide'!$H42:$X42)),"") | Z42: =IF('Soumission rapide'!$E42*(1+'Soumission rapide'!$F42)*(SUM('Soumission rapide'!$H42:$X42))>0,'Soumission rapide'!$E42*(1+'Soumission rapide'!$F42)*(SUM('Soumission rapide'!$H42:$X42)),"") | AA42: =IF('Soumission rapide'!$G42*(SUM('Soumission rapide'!$H42:$X42))>0,'Soumission rapide'!$G42*(SUM('Soumission rapide'!$H42:$X42)),"") | AB42: =IF(SUM('Soumission rapide'!$Y42:$AA42)>0,SUM('Soumission rapide'!$Y42:$AA42),"")
A43: Aspirateur | B43: Déplacer aspirateur | D43: 300 | Y43: =IF('Soumission rapide'!$D43*(SUM('Soumission rapide'!$H43:$X43))>0,'Soumission rapide'!$D43*(SUM('Soumission rapide'!$H43:$X43)),"") | Z43: =IF('Soumission rapide'!$E43*(1+'Soumission rapide'!$F43)*(SUM('Soumission rapide'!$H43:$X43))>0,'Soumission rapide'!$E43*(1+'Soumission rapide'!$F43)*(SUM('Soumission rapide'!$H43:$X43)),"") | AA43: =IF('Soumission rapide'!$G43*(SUM('Soumission rapide'!$H43:$X43))>0,'Soumission rapide'!$G43*(SUM('Soumission rapide'!$H43:$X43)),"") | AB43: =IF(SUM('Soumission rapide'!$Y43:$AA43)>0,SUM('Soumission rapide'!$Y43:$AA43),"")
A44: Aspirateur | B44: Installation aspirateur central | D44: 1500 | Y44: =IF('Soumission rapide'!$D44*(SUM('Soumission rapide'!$H44:$X44))>0,'Soumission rapide'!$D44*(SUM('Soumission rapide'!$H44:$X44)),"") | Z44: =IF('Soumission rapide'!$E44*(1+'Soumission rapide'!$F44)*(SUM('Soumission rapide'!$H44:$X44))>0,'Soumission rapide'!$E44*(1+'Soumission rapide'!$F44)*(SUM('Soumission rapide'!$H44:$X44)),"") | AA44: =IF('Soumission rapide'!$G44*(SUM('Soumission rapide'!$H44:$X44))>0,'Soumission rapide'!$G44*(SUM('Soumission rapide'!$H44:$X44)),"") | AB44: =IF(SUM('Soumission rapide'!$Y44:$AA44)>0,SUM('Soumission rapide'!$Y44:$AA44),"")
Y45: =IF('Soumission rapide'!$D45*(SUM('Soumission rapide'!$H45:$X45))>0,'Soumission rapide'!$D45*(SUM('Soumission rapide'!$H45:$X45)),"") | Z45: =IF('Soumission rapide'!$E45*(1+'Soumission rapide'!$F45)*(SUM('Soumission rapide'!$H45:$X45))>0,'Soumission rapide'!$E45*(1+'Soumission rapide'!$F45)*(SUM('Soumission rapide'!$H45:$X45)),"") | AA45: =IF('Soumission rapide'!$G45*(SUM('Soumission rapide'!$H45:$X45))>0,'Soumission rapide'!$G45*(SUM('Soumission rapide'!$H45:$X45)),"") | AB45: =IF(SUM('Soumission rapide'!$Y45:$AA45)>0,SUM('Soumission rapide'!$Y45:$AA45),"")
A46: Calfeutrage | B46: Calfeutrage Pl | D46: 1 | Y46: =IF('Soumission rapide'!$D46*(SUM('Soumission rapide'!$H46:$X46))>0,'Soumission rapide'!$D46*(SUM('Soumission rapide'!$H46:$X46)),"") | Z46: =IF('Soumission rapide'!$E46*(1+'Soumission rapide'!$F46)*(SUM('Soumission rapide'!$H46:$X46))>0,'Soumission rapide'!$E46*(1+'Soumission rapide'!$F46)*(SUM('Soumission rapide'!$H46:$X46)),"") | AA46: =IF('Soumission rapide'!$G46*(SUM('Soumission rapide'!$H46:$X46))>0,'Soumission rapide'!$G46*(SUM('Soumission rapide'!$H46:$X46)),"") | AB46: =IF(SUM('Soumission rapide'!$Y46:$AA46)>0,SUM('Soumission rapide'!$Y46:$AA46),"")
Y47: =IF('Soumission rapide'!$D47*(SUM('Soumission rapide'!$H47:$X47))>0,'Soumission rapide'!$D47*(SUM('Soumission rapide'!$H47:$X47)),"") | Z47: =IF('Soumission rapide'!$E47*(1+'Soumission rapide'!$F47)*(SUM('Soumission rapide'!$H47:$X47))>0,'Soumission rapide'!$E47*(1+'Soumission rapide'!$F47)*(SUM('Soumission rapide'!$H47:$X47)),"") | AA47: =IF('Soumission rapide'!$G47*(SUM('Soumission rapide'!$H47:$X47))>0,'Soumission rapide'!$G47*(SUM('Soumission rapide'!$H47:$X47)),"") | AB47: =IF(SUM('Soumission rapide'!$Y47:$AA47)>0,SUM('Soumission rapide'!$Y47:$AA47),"")
A48: Ceramique | B48: Dosseret (+/- 25p²) | C48: x | G48: 18 | I48: 13 | Y48: =IF('Soumission rapide'!$D48*(SUM('Soumission rapide'!$H48:$X48))>0,'Soumission rapide'!$D48*(SUM('Soumission rapide'!$H48:$X48)),"") | Z48: =IF('Soumission rapide'!$E48*(1+'Soumission rapide'!$F48)*(SUM('Soumission rapide'!$H48:$X48))>0,'Soumission rapide'!$E48*(1+'Soumission rapide'!$F48)*(SUM('Soumission rapide'!$H48:$X48)),"") | AA48: =IF('Soumission rapide'!$G48*(SUM('Soumission rapide'!$H48:$X48))>0,'Soumission rapide'!$G48*(SUM('Soumission rapide'!$H48:$X48)),"") -> 234 | AB48: =IF(SUM('Soumission rapide'!$Y48:$AA48)>0,SUM('Soumission rapide'!$Y48:$AA48),"") -> 234
A49: Ceramique | B49: Dosseret (+/- 40p²) | G49: 13.75 | Y49: =IF('Soumission rapide'!$D49*(SUM('Soumission rapide'!$H49:$X49))>0,'Soumission rapide'!$D49*(SUM('Soumission rapide'!$H49:$X49)),"") | Z49: =IF('Soumission rapide'!$E49*(1+'Soumission rapide'!$F49)*(SUM('Soumission rapide'!$H49:$X49))>0,'Soumission rapide'!$E49*(1+'Soumission rapide'!$F49)*(SUM('Soumission rapide'!$H49:$X49)),"") | AA49: =IF('Soumission rapide'!$G49*(SUM('Soumission rapide'!$H49:$X49))>0,'Soumission rapide'!$G49*(SUM('Soumission rapide'!$H49:$X49)),"") | AB49: =IF(SUM('Soumission rapide'!$Y49:$AA49)>0,SUM('Soumission rapide'!$Y49:$AA49),"")
A50: Ceramique | B50: Dosseret pâte de verre (+/- 25p²) | G50: 24 | Y50: =IF('Soumission rapide'!$D50*(SUM('Soumission rapide'!$H50:$X50))>0,'Soumission rapide'!$D50*(SUM('Soumission rapide'!$H50:$X50)),"") | Z50: =IF('Soumission rapide'!$E50*(1+'Soumission rapide'!$F50)*(SUM('Soumission rapide'!$H50:$X50))>0,'Soumission rapide'!$E50*(1+'Soumission rapide'!$F50)*(SUM('Soumission rapide'!$H50:$X50)),"") | AA50: =IF('Soumission rapide'!$G50*(SUM('Soumission rapide'!$H50:$X50))>0,'Soumission rapide'!$G50*(SUM('Soumission rapide'!$H50:$X50)),"") | AB50: =IF(SUM('Soumission rapide'!$Y50:$AA50)>0,SUM('Soumission rapide'!$Y50:$AA50),"")
A51: Ceramique | B51: Dosseret pâte de verre (+/- 40p²) | G51: 18.5 | Y51: =IF('Soumission rapide'!$D51*(SUM('Soumission rapide'!$H51:$X51))>0,'Soumission rapide'!$D51*(SUM('Soumission rapide'!$H51:$X51)),"") | Z51: =IF('Soumission rapide'!$E51*(1+'Soumission rapide'!$F51)*(SUM('Soumission rapide'!$H51:$X51))>0,'Soumission rapide'!$E51*(1+'Soumission rapide'!$F51)*(SUM('Soumission rapide'!$H51:$X51)),"") | AA51: =IF('Soumission rapide'!$G51*(SUM('Soumission rapide'!$H51:$X51))>0,'Soumission rapide'!$G51*(SUM('Soumission rapide'!$H51:$X51)),"") | AB51: =IF(SUM('Soumission rapide'!$Y51:$AA51)>0,SUM('Soumission rapide'!$Y51:$AA51),"")
A52: Ceramique | B52: Plancher | Y52: =IF('Soumission rapide'!$D52*(SUM('Soumission rapide'!$H52:$X52))>0,'Soumission rapide'!$D52*(SUM('Soumission rapide'!$H52:$X52)),"") | Z52: =IF('Soumission rapide'!$E52*(1+'Soumission rapide'!$F52)*(SUM('Soumission rapide'!$H52:$X52))>0,'Soumission rapide'!$E52*(1+'Soumission rapide'!$F52)*(SUM('Soumission rapide'!$H52:$X52)),"") | AA52: =IF('Soumission rapide'!$G52*(SUM('Soumission rapide'!$H52:$X52))>0,'Soumission rapide'!$G52*(SUM('Soumission rapide'!$H52:$X52)),"") | AB52: =IF(SUM('Soumission rapide'!$Y52:$AA52)>0,SUM('Soumission rapide'!$Y52:$AA52),"")
A53: Ceramique | B53: 4x4 à 24x24 (p²) | C53: x | G53: 6.5 | I53: 78 | M53: 82 | Y53: =IF('Soumission rapide'!$D53*(SUM('Soumission rapide'!$H53:$X53))>0,'Soumission rapide'!$D53*(SUM('Soumission rapide'!$H53:$X53)),"") | Z53: =IF('Soumission rapide'!$E53*(1+'Soumission rapide'!$F53)*(SUM('Soumission rapide'!$H53:$X53))>0,'Soumission rapide'!$E53*(1+'Soumission rapide'!$F53)*(SUM('Soumission rapide'!$H53:$X53)),"") | AA53: =IF('Soumission rapide'!$G53*(SUM('Soumission rapide'!$H53:$X53))>0,'Soumission rapide'!$G53*(SUM('Soumission rapide'!$H53:$X53)),"") -> 1040 | AB53: =IF(SUM('Soumission rapide'!$Y53:$AA53)>0,SUM('Soumission rapide'!$Y53:$AA53),"") -> 1040
A54: Ceramique | B54: 18x36 24x48 30x30 (p²) | G54: 10 | Y54: =IF('Soumission rapide'!$D54*(SUM('Soumission rapide'!$H54:$X54))>0,'Soumission rapide'!$D54*(SUM('Soumission rapide'!$H54:$X54)),"") | Z54: =IF('Soumission rapide'!$E54*(1+'Soumission rapide'!$F54)*(SUM('Soumission rapide'!$H54:$X54))>0,'Soumission rapide'!$E54*(1+'Soumission rapide'!$F54)*(SUM('Soumission rapide'!$H54:$X54)),"") | AA54: =IF('Soumission rapide'!$G54*(SUM('Soumission rapide'!$H54:$X54))>0,'Soumission rapide'!$G54*(SUM('Soumission rapide'!$H54:$X54)),"") | AB54: =IF(SUM('Soumission rapide'!$Y54:$AA54)>0,SUM('Soumission rapide'!$Y54:$AA54),"")
A55: Ceramique | B55: Motif divers (p²) | G55: 1.5 | Y55: =IF('Soumission rapide'!$D55*(SUM('Soumission rapide'!$H55:$X55))>0,'Soumission rapide'!$D55*(SUM('Soumission rapide'!$H55:$X55)),"") | Z55: =IF('Soumission rapide'!$E55*(1+'Soumission rapide'!$F55)*(SUM('Soumission rapide'!$H55:$X55))>0,'Soumission rapide'!$E55*(1+'Soumission rapide'!$F55)*(SUM('Soumission rapide'!$H55:$X55)),"") | AA55: =IF('Soumission rapide'!$G55*(SUM('Soumission rapide'!$H55:$X55))>0,'Soumission rapide'!$G55*(SUM('Soumission rapide'!$H55:$X55)),"") | AB55: =IF(SUM('Soumission rapide'!$Y55:$AA55)>0,SUM('Soumission rapide'!$Y55:$AA55),"")
A56: Ceramique | B56: Motif mosaïque (p²) | G56: 8 | Y56: =IF('Soumission rapide'!$D56*(SUM('Soumission rapide'!$H56:$X56))>0,'Soumission rapide'!$D56*(SUM('Soumission rapide'!$H56:$X56)),"") | Z56: =IF('Soumission rapide'!$E56*(1+'Soumission rapide'!$F56)*(SUM('Soumission rapide'!$H56:$X56))>0,'Soumission rapide'!$E56*(1+'Soumission rapide'!$F56)*(SUM('Soumission rapide'!$H56:$X56)),"") | AA56: =IF('Soumission rapide'!$G56*(SUM('Soumission rapide'!$H56:$X56))>0,'Soumission rapide'!$G56*(SUM('Soumission rapide'!$H56:$X56)),"") | AB56: =IF(SUM('Soumission rapide'!$Y56:$AA56)>0,SUM('Soumission rapide'!$Y56:$AA56),"")
A57: Ceramique | B57: Escalier - marche et contremarche (un) | G57: 60 | Y57: =IF('Soumission rapide'!$D57*(SUM('Soumission rapide'!$H57:$X57))>0,'Soumission rapide'!$D57*(SUM('Soumission rapide'!$H57:$X57)),"") | Z57: =IF('Soumission rapide'!$E57*(1+'Soumission rapide'!$F57)*(SUM('Soumission rapide'!$H57:$X57))>0,'Soumission rapide'!$E57*(1+'Soumission rapide'!$F57)*(SUM('Soumission rapide'!$H57:$X57)),"") | AA57: =IF('Soumission rapide'!$G57*(SUM('Soumission rapide'!$H57:$X57))>0,'Soumission rapide'!$G57*(SUM('Soumission rapide'!$H57:$X57)),"") | AB57: =IF(SUM('Soumission rapide'!$Y57:$AA57)>0,SUM('Soumission rapide'!$Y57:$AA57),"")
A58: Ceramique | B58: Mur | Y58: =IF('Soumission rapide'!$D58*(SUM('Soumission rapide'!$H58:$X58))>0,'Soumission rapide'!$D58*(SUM('Soumission rapide'!$H58:$X58)),"") | Z58: =IF('Soumission rapide'!$E58*(1+'Soumission rapide'!$F58)*(SUM('Soumission rapide'!$H58:$X58))>0,'Soumission rapide'!$E58*(1+'Soumission rapide'!$F58)*(SUM('Soumission rapide'!$H58:$X58)),"") | AA58: =IF('Soumission rapide'!$G58*(SUM('Soumission rapide'!$H58:$X58))>0,'Soumission rapide'!$G58*(SUM('Soumission rapide'!$H58:$X58)),"") | AB58: =IF(SUM('Soumission rapide'!$Y58:$AA58)>0,SUM('Soumission rapide'!$Y58:$AA58),"")
A59: Ceramique | B59: 3x6 à 24x24 (p²) | G59: 8 | Y59: =IF('Soumission rapide'!$D59*(SUM('Soumission rapide'!$H59:$X59))>0,'Soumission rapide'!$D59*(SUM('Soumission rapide'!$H59:$X59)),"") | Z59: =IF('Soumission rapide'!$E59*(1+'Soumission rapide'!$F59)*(SUM('Soumission rapide'!$H59:$X59))>0,'Soumission rapide'!$E59*(1+'Soumission rapide'!$F59)*(SUM('Soumission rapide'!$H59:$X59)),"") | AA59: =IF('Soumission rapide'!$G59*(SUM('Soumission rapide'!$H59:$X59))>0,'Soumission rapide'!$G59*(SUM('Soumission rapide'!$H59:$X59)),"") | AB59: =IF(SUM('Soumission rapide'!$Y59:$AA59)>0,SUM('Soumission rapide'!$Y59:$AA59),"")
A60: Ceramique | B60: Motif divers (p²) | G60: 1.5 | Y60: =IF('Soumission rapide'!$D60*(SUM('Soumission rapide'!$H60:$X60))>0,'Soumission rapide'!$D60*(SUM('Soumission rapide'!$H60:$X60)),"") | Z60: =IF('Soumission rapide'!$E60*(1+'Soumission rapide'!$F60)*(SUM('Soumission rapide'!$H60:$X60))>0,'Soumission rapide'!$E60*(1+'Soumission rapide'!$F60)*(SUM('Soumission rapide'!$H60:$X60)),"") | AA60: =IF('Soumission rapide'!$G60*(SUM('Soumission rapide'!$H60:$X60))>0,'Soumission rapide'!$G60*(SUM('Soumission rapide'!$H60:$X60)),"") | AB60: =IF(SUM('Soumission rapide'!$Y60:$AA60)>0,SUM('Soumission rapide'!$Y60:$AA60),"")
A61: Ceramique | B61: Motif mosaïque (p²) | G61: 8.5 | Y61: =IF('Soumission rapide'!$D61*(SUM('Soumission rapide'!$H61:$X61))>0,'Soumission rapide'!$D61*(SUM('Soumission rapide'!$H61:$X61)),"") | Z61: =IF('Soumission rapide'!$E61*(1+'Soumission rapide'!$F61)*(SUM('Soumission rapide'!$H61:$X61))>0,'Soumission rapide'!$E61*(1+'Soumission rapide'!$F61)*(SUM('Soumission rapide'!$H61:$X61)),"") | AA61: =IF('Soumission rapide'!$G61*(SUM('Soumission rapide'!$H61:$X61))>0,'Soumission rapide'!$G61*(SUM('Soumission rapide'!$H61:$X61)),"") | AB61: =IF(SUM('Soumission rapide'!$Y61:$AA61)>0,SUM('Soumission rapide'!$Y61:$AA61),"")
A62: Ceramique | B62: Installation membrane plancher (p²) | D62: 4.5 | Y62: =IF('Soumission rapide'!$D62*(SUM('Soumission rapide'!$H62:$X62))>0,'Soumission rapide'!$D62*(SUM('Soumission rapide'!$H62:$X62)),"") | Z62: =IF('Soumission rapide'!$E62*(1+'Soumission rapide'!$F62)*(SUM('Soumission rapide'!$H62:$X62))>0,'Soumission rapide'!$E62*(1+'Soumission rapide'!$F62)*(SUM('Soumission rapide'!$H62:$X62)),"") | AA62: =IF('Soumission rapide'!$G62*(SUM('Soumission rapide'!$H62:$X62))>0,'Soumission rapide'!$G62*(SUM('Soumission rapide'!$H62:$X62)),"") | AB62: =IF(SUM('Soumission rapide'!$Y62:$AA62)>0,SUM('Soumission rapide'!$Y62:$AA62),"")
A63: Ceramique | B63: Membrane Schluter | D63: 4.5 | Y63: =IF('Soumission rapide'!$D63*(SUM('Soumission rapide'!$H63:$X63))>0,'Soumission rapide'!$D63*(SUM('Soumission rapide'!$H63:$X63)),"") | Z63: =IF('Soumission rapide'!$E63*(1+'Soumission rapide'!$F63)*(SUM('Soumission rapide'!$H63:$X63))>0,'Soumission rapide'!$E63*(1+'Soumission rapide'!$F63)*(SUM('Soumission rapide'!$H63:$X63)),"") | AA63: =IF('Soumission rapide'!$G63*(SUM('Soumission rapide'!$H63:$X63))>0,'Soumission rapide'!$G63*(SUM('Soumission rapide'!$H63:$X63)),"") | AB63: =IF(SUM('Soumission rapide'!$Y63:$AA63)>0,SUM('Soumission rapide'!$Y63:$AA63),"")
A64: Ceramique | B64: Installation paneau Kerdi (un) | G64: 65 | Y64: =IF('Soumission rapide'!$D64*(SUM('Soumission rapide'!$H64:$X64))>0,'Soumission rapide'!$D64*(SUM('Soumission rapide'!$H64:$X64)),"") | Z64: =IF('Soumission rapide'!$E64*(1+'Soumission rapide'!$F64)*(SUM('Soumission rapide'!$H64:$X64))>0,'Soumission rapide'!$E64*(1+'Soumission rapide'!$F64)*(SUM('Soumission rapide'!$H64:$X64)),"") | AA64: =IF('Soumission rapide'!$G64*(SUM('Soumission rapide'!$H64:$X64))>0,'Soumission rapide'!$G64*(SUM('Soumission rapide'!$H64:$X64)),"") | AB64: =IF(SUM('Soumission rapide'!$Y64:$AA64)>0,SUM('Soumission rapide'!$Y64:$AA64),"")
A65: Ceramique | B65: Fond de douche sand coat (15p²) | G65: 350 | Y65: =IF('Soumission rapide'!$D65*(SUM('Soumission rapide'!$H65:$X65))>0,'Soumission rapide'!$D65*(SUM('Soumission rapide'!$H65:$X65)),"") | Z65: =IF('Soumission rapide'!$E65*(1+'Soumission rapide'!$F65)*(SUM('Soumission rapide'!$H65:$X65))>0,'Soumission rapide'!$E65*(1+'Soumission rapide'!$F65)*(SUM('Soumission rapide'!$H65:$X65)),"") | AA65: =IF('Soumission rapide'!$G65*(SUM('Soumission rapide'!$H65:$X65))>0,'Soumission rapide'!$G65*(SUM('Soumission rapide'!$H65:$X65)),"") | AB65: =IF(SUM('Soumission rapide'!$Y65:$AA65)>0,SUM('Soumission rapide'!$Y65:$AA65),"")
A66: Ceramique | B66: Installation pierre mur (p²) | G66: 10 | Y66: =IF('Soumission rapide'!$D66*(SUM('Soumission rapide'!$H66:$X66))>0,'Soumission rapide'!$D66*(SUM('Soumission rapide'!$H66:$X66)),"") | Z66: =IF('Soumission rapide'!$E66*(1+'Soumission rapide'!$F66)*(SUM('Soumission rapide'!$H66:$X66))>0,'Soumission rapide'!$E66*(1+'Soumission rapide'!$F66)*(SUM('Soumission rapide'!$H66:$X66)),"") | AA66: =IF('Soumission rapide'!$G66*(SUM('Soumission rapide'!$H66:$X66))>0,'Soumission rapide'!$G66*(SUM('Soumission rapide'!$H66:$X66)),"") | AB66: =IF(SUM('Soumission rapide'!$Y66:$AA66)>0,SUM('Soumission rapide'!$Y66:$AA66),"")
A67: Ceramique | B67: Alcove (un) | G67: 125 | Y67: =IF('Soumission rapide'!$D67*(SUM('Soumission rapide'!$H67:$X67))>0,'Soumission rapide'!$D67*(SUM('Soumission rapide'!$H67:$X67)),"") | Z67: =IF('Soumission rapide'!$E67*(1+'Soumission rapide'!$F67)*(SUM('Soumission rapide'!$H67:$X67))>0,'Soumission rapide'!$E67*(1+'Soumission rapide'!$F67)*(SUM('Soumission rapide'!$H67:$X67)),"") | AA67: =IF('Soumission rapide'!$G67*(SUM('Soumission rapide'!$H67:$X67))>0,'Soumission rapide'!$G67*(SUM('Soumission rapide'!$H67:$X67)),"") | AB67: =IF(SUM('Soumission rapide'!$Y67:$AA67)>0,SUM('Soumission rapide'!$Y67:$AA67),"")
A68: Ceramique | B68: Drain linéaire (un) | G68: 150 | Y68: =IF('Soumission rapide'!$D68*(SUM('Soumission rapide'!$H68:$X68))>0,'Soumission rapide'!$D68*(SUM('Soumission rapide'!$H68:$X68)),"") | Z68: =IF('Soumission rapide'!$E68*(1+'Soumission rapide'!$F68)*(SUM('Soumission rapide'!$H68:$X68))>0,'Soumission rapide'!$E68*(1+'Soumission rapide'!$F68)*(SUM('Soumission rapide'!$H68:$X68)),"") | AA68: =IF('Soumission rapide'!$G68*(SUM('Soumission rapide'!$H68:$X68))>0,'Soumission rapide'!$G68*(SUM('Soumission rapide'!$H68:$X68)),"") | AB68: =IF(SUM('Soumission rapide'!$Y68:$AA68)>0,SUM('Soumission rapide'!$Y68:$AA68),"")
A69: Ceramique | B69: Plinthe céramique (pl) | G69: 5 | Y69: =IF('Soumission rapide'!$D69*(SUM('Soumission rapide'!$H69:$X69))>0,'Soumission rapide'!$D69*(SUM('Soumission rapide'!$H69:$X69)),"") | Z69: =IF('Soumission rapide'!$E69*(1+'Soumission rapide'!$F69)*(SUM('Soumission rapide'!$H69:$X69))>0,'Soumission rapide'!$E69*(1+'Soumission rapide'!$F69)*(SUM('Soumission rapide'!$H69:$X69)),"") | AA69: =IF('Soumission rapide'!$G69*(SUM('Soumission rapide'!$H69:$X69))>0,'Soumission rapide'!$G69*(SUM('Soumission rapide'!$H69:$X69)),"") | AB69: =IF(SUM('Soumission rapide'!$Y69:$AA69)>0,SUM('Soumission rapide'!$Y69:$AA69),"")
Y70: =IF('Soumission rapide'!$D70*(SUM('Soumission rapide'!$H70:$X70))>0,'Soumission rapide'!$D70*(SUM('Soumission rapide'!$H70:$X70)),"") | Z70: =IF('Soumission rapide'!$E70*(1+'Soumission rapide'!$F70)*(SUM('Soumission rapide'!$H70:$X70))>0,'Soumission rapide'!$E70*(1+'Soumission rapide'!$F70)*(SUM('Soumission rapide'!$H70:$X70)),"") | AA70: =IF('Soumission rapide'!$G70*(SUM('Soumission rapide'!$H70:$X70))>0,'Soumission rapide'!$G70*(SUM('Soumission rapide'!$H70:$X70)),"") | AB70: =IF(SUM('Soumission rapide'!$Y70:$AA70)>0,SUM('Soumission rapide'!$Y70:$AA70),"")
Y71: =IF('Soumission rapide'!$D71*(SUM('Soumission rapide'!$H71:$X71))>0,'Soumission rapide'!$D71*(SUM('Soumission rapide'!$H71:$X71)),"") | Z71: =IF('Soumission rapide'!$E71*(1+'Soumission rapide'!$F71)*(SUM('Soumission rapide'!$H71:$X71))>0,'Soumission rapide'!$E71*(1+'Soumission rapide'!$F71)*(SUM('Soumission rapide'!$H71:$X71)),"") | AA71: =IF('Soumission rapide'!$G71*(SUM('Soumission rapide'!$H71:$X71))>0,'Soumission rapide'!$G71*(SUM('Soumission rapide'!$H71:$X71)),"") | AB71: =IF(SUM('Soumission rapide'!$Y71:$AA71)>0,SUM('Soumission rapide'!$Y71:$AA71),"")
Y72: =IF('Soumission rapide'!$D72*(SUM('Soumission rapide'!$H72:$X72))>0,'Soumission rapide'!$D72*(SUM('Soumission rapide'!$H72:$X72)),"") | Z72: =IF('Soumission rapide'!$E72*(1+'Soumission rapide'!$F72)*(SUM('Soumission rapide'!$H72:$X72))>0,'Soumission rapide'!$E72*(1+'Soumission rapide'!$F72)*(SUM('Soumission rapide'!$H72:$X72)),"") | AA72: =IF('Soumission rapide'!$G72*(SUM('Soumission rapide'!$H72:$X72))>0,'Soumission rapide'!$G72*(SUM('Soumission rapide'!$H72:$X72)),"") | AB72: =IF(SUM('Soumission rapide'!$Y72:$AA72)>0,SUM('Soumission rapide'!$Y72:$AA72),"")
A73: Charpentier | B73: Confiner et protéger espace (p²) | C73: x | G73: 1.2 | H73: =20*8 -> 160 | Y73: =IF('Soumission rapide'!$D73*(SUM('Soumission rapide'!$H73:$X73))>0,'Soumission rapide'!$D73*(SUM('Soumission rapide'!$H73:$X73)),"") | Z73: =IF('Soumission rapide'!$E73*(1+'Soumission rapide'!$F73)*(SUM('Soumission rapide'!$H73:$X73))>0,'Soumission rapide'!$E73*(1+'Soumission rapide'!$F73)*(SUM('Soumission rapide'!$H73:$X73)),"") | AA73: =IF('Soumission rapide'!$G73*(SUM('Soumission rapide'!$H73:$X73))>0,'Soumission rapide'!$G73*(SUM('Soumission rapide'!$H73:$X73)),"") -> 192 | AB73: =IF(SUM('Soumission rapide'!$Y73:$AA73)>0,SUM('Soumission rapide'!$Y73:$AA73),"") -> 192
A74: Charpentier | B74: Conteneur dompeur (un) | D74: 300 | Y74: =IF('Soumission rapide'!$D74*(SUM('Soumission rapide'!$H74:$X74))>0,'Soumission rapide'!$D74*(SUM('Soumission rapide'!$H74:$X74)),"") | Z74: =IF('Soumission rapide'!$E74*(1+'Soumission rapide'!$F74)*(SUM('Soumission rapide'!$H74:$X74))>0,'Soumission rapide'!$E74*(1+'Soumission rapide'!$F74)*(SUM('Soumission rapide'!$H74:$X74)),"") | AA74: =IF('Soumission rapide'!$G74*(SUM('Soumission rapide'!$H74:$X74))>0,'Soumission rapide'!$G74*(SUM('Soumission rapide'!$H74:$X74)),"") | AB74: =IF(SUM('Soumission rapide'!$Y74:$AA74)>0,SUM('Soumission rapide'!$Y74:$AA74),"")
A75: Charpentier | B75: Retirer plancher béton (p²) | G75: 5 | Y75: =IF('Soumission rapide'!$D75*(SUM('Soumission rapide'!$H75:$X75))>0,'Soumission rapide'!$D75*(SUM('Soumission rapide'!$H75:$X75)),"") | Z75: =IF('Soumission rapide'!$E75*(1+'Soumission rapide'!$F75)*(SUM('Soumission rapide'!$H75:$X75))>0,'Soumission rapide'!$E75*(1+'Soumission rapide'!$F75)*(SUM('Soumission rapide'!$H75:$X75)),"") | AA75: =IF('Soumission rapide'!$G75*(SUM('Soumission rapide'!$H75:$X75))>0,'Soumission rapide'!$G75*(SUM('Soumission rapide'!$H75:$X75)),"") | AB75: =IF(SUM('Soumission rapide'!$Y75:$AA75)>0,SUM('Soumission rapide'!$Y75:$AA75),"")
A76: Charpentier | B76: Retirer plancher céramique (p²) | G76: 4 | Y76: =IF('Soumission rapide'!$D76*(SUM('Soumission rapide'!$H76:$X76))>0,'Soumission rapide'!$D76*(SUM('Soumission rapide'!$H76:$X76)),"") | Z76: =IF('Soumission rapide'!$E76*(1+'Soumission rapide'!$F76)*(SUM('Soumission rapide'!$H76:$X76))>0,'Soumission rapide'!$E76*(1+'Soumission rapide'!$F76)*(SUM('Soumission rapide'!$H76:$X76)),"") | AA76: =IF('Soumission rapide'!$G76*(SUM('Soumission rapide'!$H76:$X76))>0,'Soumission rapide'!$G76*(SUM('Soumission rapide'!$H76:$X76)),"") | AB76: =IF(SUM('Soumission rapide'!$Y76:$AA76)>0,SUM('Soumission rapide'!$Y76:$AA76),"")
A77: Charpentier | B77: Retirer plancher flottant/vinyle (p²) | G77: 1.5 | Y77: =IF('Soumission rapide'!$D77*(SUM('Soumission rapide'!$H77:$X77))>0,'Soumission rapide'!$D77*(SUM('Soumission rapide'!$H77:$X77)),"") | Z77: =IF('Soumission rapide'!$E77*(1+'Soumission rapide'!$F77)*(SUM('Soumission rapide'!$H77:$X77))>0,'Soumission rapide'!$E77*(1+'Soumission rapide'!$F77)*(SUM('Soumission rapide'!$H77:$X77)),"") | AA77: =IF('Soumission rapide'!$G77*(SUM('Soumission rapide'!$H77:$X77))>0,'Soumission rapide'!$G77*(SUM('Soumission rapide'!$H77:$X77)),"") | AB77: =IF(SUM('Soumission rapide'!$Y77:$AA77)>0,SUM('Soumission rapide'!$Y77:$AA77),"")
A78: Charpentier | B78: Retirer plancher bois franc (p²) | G78: 4 | Y78: =IF('Soumission rapide'!$D78*(SUM('Soumission rapide'!$H78:$X78))>0,'Soumission rapide'!$D78*(SUM('Soumission rapide'!$H78:$X78)),"") | Z78: =IF('Soumission rapide'!$E78*(1+'Soumission rapide'!$F78)*(SUM('Soumission rapide'!$H78:$X78))>0,'Soumission rapide'!$E78*(1+'Soumission rapide'!$F78)*(SUM('Soumission rapide'!$H78:$X78)),"") | AA78: =IF('Soumission rapide'!$G78*(SUM('Soumission rapide'!$H78:$X78))>0,'Soumission rapide'!$G78*(SUM('Soumission rapide'!$H78:$X78)),"") | AB78: =IF(SUM('Soumission rapide'!$Y78:$AA78)>0,SUM('Soumission rapide'!$Y78:$AA78),"")
A79: Charpentier | B79: Retirer gypse (p²) | G79: 1 | Y79: =IF('Soumission rapide'!$D79*(SUM('Soumission rapide'!$H79:$X79))>0,'Soumission rapide'!$D79*(SUM('Soumission rapide'!$H79:$X79)),"") | Z79: =IF('Soumission rapide'!$E79*(1+'Soumission rapide'!$F79)*(SUM('Soumission rapide'!$H79:$X79))>0,'Soumission rapide'!$E79*(1+'Soumission rapide'!$F79)*(SUM('Soumission rapide'!$H79:$X79)),"") | AA79: =IF('Soumission rapide'!$G79*(SUM('Soumission rapide'!$H79:$X79))>0,'Soumission rapide'!$G79*(SUM('Soumission rapide'!$H79:$X79)),"") | AB79: =IF(SUM('Soumission rapide'!$Y79:$AA79)>0,SUM('Soumission rapide'!$Y79:$AA79),"")
A80: Charpentier | B80: Retirer cloison (p²) | C80: x | G80: 1 | I80: =7*8 -> 56 | Y80: =IF('Soumission rapide'!$D80*(SUM('Soumission rapide'!$H80:$X80))>0,'Soumission rapide'!$D80*(SUM('Soumission rapide'!$H80:$X80)),"") | Z80: =IF('Soumission rapide'!$E80*(1+'Soumission rapide'!$F80)*(SUM('Soumission rapide'!$H80:$X80))>0,'Soumission rapide'!$E80*(1+'Soumission rapide'!$F80)*(SUM('Soumission rapide'!$H80:$X80)),"") | AA80: =IF('Soumission rapide'!$G80*(SUM('Soumission rapide'!$H80:$X80))>0,'Soumission rapide'!$G80*(SUM('Soumission rapide'!$H80:$X80)),"") -> 56 | AB80: =IF(SUM('Soumission rapide'!$Y80:$AA80)>0,SUM('Soumission rapide'!$Y80:$AA80),"") -> 56
A81: Charpentier | B81: Retrait mur porteur (p²) | G81: 8 | Y81: =IF('Soumission rapide'!$D81*(SUM('Soumission rapide'!$H81:$X81))>0,'Soumission rapide'!$D81*(SUM('Soumission rapide'!$H81:$X81)),"") | Z81: =IF('Soumission rapide'!$E81*(1+'Soumission rapide'!$F81)*(SUM('Soumission rapide'!$H81:$X81))>0,'Soumission rapide'!$E81*(1+'Soumission rapide'!$F81)*(SUM('Soumission rapide'!$H81:$X81)),"") | AA81: =IF('Soumission rapide'!$G81*(SUM('Soumission rapide'!$H81:$X81))>0,'Soumission rapide'!$G81*(SUM('Soumission rapide'!$H81:$X81)),"") | AB81: =IF(SUM('Soumission rapide'!$Y81:$AA81)>0,SUM('Soumission rapide'!$Y81:$AA81),"")
A82: Charpentier | B82: Retrait toilette (un) | C82: x | G82: 30 | M82: 1 | Y82: =IF('Soumission rapide'!$D82*(SUM('Soumission rapide'!$H82:$X82))>0,'Soumission rapide'!$D82*(SUM('Soumission rapide'!$H82:$X82)),"") | Z82: =IF('Soumission rapide'!$E82*(1+'Soumission rapide'!$F82)*(SUM('Soumission rapide'!$H82:$X82))>0,'Soumission rapide'!$E82*(1+'Soumission rapide'!$F82)*(SUM('Soumission rapide'!$H82:$X82)),"") | AA82: =IF('Soumission rapide'!$G82*(SUM('Soumission rapide'!$H82:$X82))>0,'Soumission rapide'!$G82*(SUM('Soumission rapide'!$H82:$X82)),"") -> 30 | AB82: =IF(SUM('Soumission rapide'!$Y82:$AA82)>0,SUM('Soumission rapide'!$Y82:$AA82),"") -> 30
A83: Charpentier | B83: Retrait bain (un) | G83: 150 | Y83: =IF('Soumission rapide'!$D83*(SUM('Soumission rapide'!$H83:$X83))>0,'Soumission rapide'!$D83*(SUM('Soumission rapide'!$H83:$X83)),"") | Z83: =IF('Soumission rapide'!$E83*(1+'Soumission rapide'!$F83)*(SUM('Soumission rapide'!$H83:$X83))>0,'Soumission rapide'!$E83*(1+'Soumission rapide'!$F83)*(SUM('Soumission rapide'!$H83:$X83)),"") | AA83: =IF('Soumission rapide'!$G83*(SUM('Soumission rapide'!$H83:$X83))>0,'Soumission rapide'!$G83*(SUM('Soumission rapide'!$H83:$X83)),"") | AB83: =IF(SUM('Soumission rapide'!$Y83:$AA83)>0,SUM('Soumission rapide'!$Y83:$AA83),"")
A84: Charpentier | B84: Retrait douche (un) | G84: 250 | Y84: =IF('Soumission rapide'!$D84*(SUM('Soumission rapide'!$H84:$X84))>0,'Soumission rapide'!$D84*(SUM('Soumission rapide'!$H84:$X84)),"") | Z84: =IF('Soumission rapide'!$E84*(1+'Soumission rapide'!$F84)*(SUM('Soumission rapide'!$H84:$X84))>0,'Soumission rapide'!$E84*(1+'Soumission rapide'!$F84)*(SUM('Soumission rapide'!$H84:$X84)),"") | AA84: =IF('Soumission rapide'!$G84*(SUM('Soumission rapide'!$H84:$X84))>0,'Soumission rapide'!$G84*(SUM('Soumission rapide'!$H84:$X84)),"") | AB84: =IF(SUM('Soumission rapide'!$Y84:$AA84)>0,SUM('Soumission rapide'!$Y84:$AA84),"")
A85: Charpentier | B85: Retrait vanité (un) | C85: x | G85: 30 | M85: 1 | Y85: =IF('Soumission rapide'!$D85*(SUM('Soumission rapide'!$H85:$X85))>0,'Soumission rapide'!$D85*(SUM('Soumission rapide'!$H85:$X85)),"") | Z85: =IF('Soumission rapide'!$E85*(1+'Soumission rapide'!$F85)*(SUM('Soumission rapide'!$H85:$X85))>0,'Soumission rapide'!$E85*(1+'Soumission rapide'!$F85)*(SUM('Soumission rapide'!$H85:$X85)),"") | AA85: =IF('Soumission rapide'!$G85*(SUM('Soumission rapide'!$H85:$X85))>0,'Soumission rapide'!$G85*(SUM('Soumission rapide'!$H85:$X85)),"") -> 30 | AB85: =IF(SUM('Soumission rapide'!$Y85:$AA85)>0,SUM('Soumission rapide'!$Y85:$AA85),"") -> 30
A86: Charpentier | B86: Niveler plancher (p²) | E86: 1 | G86: 4 | Y86: =IF('Soumission rapide'!$D86*(SUM('Soumission rapide'!$H86:$X86))>0,'Soumission rapide'!$D86*(SUM('Soumission rapide'!$H86:$X86)),"") | Z86: =IF('Soumission rapide'!$E86*(1+'Soumission rapide'!$F86)*(SUM('Soumission rapide'!$H86:$X86))>0,'Soumission rapide'!$E86*(1+'Soumission rapide'!$F86)*(SUM('Soumission rapide'!$H86:$X86)),"") | AA86: =IF('Soumission rapide'!$G86*(SUM('Soumission rapide'!$H86:$X86))>0,'Soumission rapide'!$G86*(SUM('Soumission rapide'!$H86:$X86)),"") | AB86: =IF(SUM('Soumission rapide'!$Y86:$AA86)>0,SUM('Soumission rapide'!$Y86:$AA86),"")
A87: Charpentier | B87: Installer revêtement plancher vinyle / flottant (p²) | C87: x | G87: 3.5 | O87: 340 | Y87: =IF('Soumission rapide'!$D87*(SUM('Soumission rapide'!$H87:$X87))>0,'Soumission rapide'!$D87*(SUM('Soumission rapide'!$H87:$X87)),"") | Z87: =IF('Soumission rapide'!$E87*(1+'Soumission rapide'!$F87)*(SUM('Soumission rapide'!$H87:$X87))>0,'Soumission rapide'!$E87*(1+'Soumission rapide'!$F87)*(SUM('Soumission rapide'!$H87:$X87)),"") | AA87: =IF('Soumission rapide'!$G87*(SUM('Soumission rapide'!$H87:$X87))>0,'Soumission rapide'!$G87*(SUM('Soumission rapide'!$H87:$X87)),"") -> 1190 | AB87: =IF(SUM('Soumission rapide'!$Y87:$AA87)>0,SUM('Soumission rapide'!$Y87:$AA87),"") -> 1190
A88: Charpentier | B88: Installer plancher bois franc (p²) | G88: 4.5 | Y88: =IF('Soumission rapide'!$D88*(SUM('Soumission rapide'!$H88:$X88))>0,'Soumission rapide'!$D88*(SUM('Soumission rapide'!$H88:$X88)),"") | Z88: =IF('Soumission rapide'!$E88*(1+'Soumission rapide'!$F88)*(SUM('Soumission rapide'!$H88:$X88))>0,'Soumission rapide'!$E88*(1+'Soumission rapide'!$F88)*(SUM('Soumission rapide'!$H88:$X88)),"") | AA88: =IF('Soumission rapide'!$G88*(SUM('Soumission rapide'!$H88:$X88))>0,'Soumission rapide'!$G88*(SUM('Soumission rapide'!$H88:$X88)),"") | AB88: =IF(SUM('Soumission rapide'!$Y88:$AA88)>0,SUM('Soumission rapide'!$Y88:$AA88),"")
A89: Charpentier | B89: Installation gypse (p²) | C89: x | E89: 0.8 | F89: 0.1 | G89: 2.5 | H89: 3500 | Y89: =IF('Soumission rapide'!$D89*(SUM('Soumission rapide'!$H89:$X89))>0,'Soumission rapide'!$D89*(SUM('Soumission rapide'!$H89:$X89)),"") | Z89: =IF('Soumission rapide'!$E89*(1+'Soumission rapide'!$F89)*(SUM('Soumission rapide'!$H89:$X89))>0,'Soumission rapide'!$E89*(1+'Soumission rapide'!$F89)*(SUM('Soumission rapide'!$H89:$X89)),"") -> 3080 | AA89: =IF('Soumission rapide'!$G89*(SUM('Soumission rapide'!$H89:$X89))>0,'Soumission rapide'!$G89*(SUM('Soumission rapide'!$H89:$X89)),"") -> 8750 | AB89: =IF(SUM('Soumission rapide'!$Y89:$AA89)>0,SUM('Soumission rapide'!$Y89:$AA89),"") -> 11830
A90: Charpentier | B90: Gypse anit-moisissure/feu (p²) | E90: 0.75 | F90: 0.1 | G90: 2.5 | Y90: =IF('Soumission rapide'!$D90*(SUM('Soumission rapide'!$H90:$X90))>0,'Soumission rapide'!$D90*(SUM('Soumission rapide'!$H90:$X90)),"") | Z90: =IF('Soumission rapide'!$E90*(1+'Soumission rapide'!$F90)*(SUM('Soumission rapide'!$H90:$X90))>0,'Soumission rapide'!$E90*(1+'Soumission rapide'!$F90)*(SUM('Soumission rapide'!$H90:$X90)),"") | AA90: =IF('Soumission rapide'!$G90*(SUM('Soumission rapide'!$H90:$X90))>0,'Soumission rapide'!$G90*(SUM('Soumission rapide'!$H90:$X90)),"") | AB90: =IF(SUM('Soumission rapide'!$Y90:$AA90)>0,SUM('Soumission rapide'!$Y90:$AA90),"")
A91: Charpentier | B91: Fibro ciment (p²) | E91: 1.15 | F91: 0.1 | G91: 2.5 | Y91: =IF('Soumission rapide'!$D91*(SUM('Soumission rapide'!$H91:$X91))>0,'Soumission rapide'!$D91*(SUM('Soumission rapide'!$H91:$X91)),"") | Z91: =IF('Soumission rapide'!$E91*(1+'Soumission rapide'!$F91)*(SUM('Soumission rapide'!$H91:$X91))>0,'Soumission rapide'!$E91*(1+'Soumission rapide'!$F91)*(SUM('Soumission rapide'!$H91:$X91)),"") | AA91: =IF('Soumission rapide'!$G91*(SUM('Soumission rapide'!$H91:$X91))>0,'Soumission rapide'!$G91*(SUM('Soumission rapide'!$H91:$X91)),"") | AB91: =IF(SUM('Soumission rapide'!$Y91:$AA91)>0,SUM('Soumission rapide'!$Y91:$AA91),"")
A92: Charpentier | B92: Installation sous plancher (solive+plywood) (p²) | E92: =1+1.25 -> 2.25 | G92: 10 | H92: 400 | Y92: =IF('Soumission rapide'!$D92*(SUM('Soumission rapide'!$H92:$X92))>0,'Soumission rapide'!$D92*(SUM('Soumission rapide'!$H92:$X92)),"") | Z92: =IF('Soumission rapide'!$E92*(1+'Soumission rapide'!$F92)*(SUM('Soumission rapide'!$H92:$X92))>0,'Soumission rapide'!$E92*(1+'Soumission rapide'!$F92)*(SUM('Soumission rapide'!$H92:$X92)),"") -> 900 | AA92: =IF('Soumission rapide'!$G92*(SUM('Soumission rapide'!$H92:$X92))>0,'Soumission rapide'!$G92*(SUM('Soumission rapide'!$H92:$X92)),"") -> 4000 | AB92: =IF(SUM('Soumission rapide'!$Y92:$AA92)>0,SUM('Soumission rapide'!$Y92:$AA92),"") -> 4900
A93: Charpentier | B93: Installation cloison (p²) | C93: x | E93: 0.6 | F93: 0.1 | G93: 4 | H93: =43*8 -> 344 | Y93: =IF('Soumission rapide'!$D93*(SUM('Soumission rapide'!$H93:$X93))>0,'Soumission rapide'!$D93*(SUM('Soumission rapide'!$H93:$X93)),"") | Z93: =IF('Soumission rapide'!$E93*(1+'Soumission rapide'!$F93)*(SUM('Soumission rapide'!$H93:$X93))>0,'Soumission rapide'!$E93*(1+'Soumission rapide'!$F93)*(SUM('Soumission rapide'!$H93:$X93)),"") -> 227.04 | AA93: =IF('Soumission rapide'!$G93*(SUM('Soumission rapide'!$H93:$X93))>0,'Soumission rapide'!$G93*(SUM('Soumission rapide'!$H93:$X93)),"") -> 1376 | AB93: =IF(SUM('Soumission rapide'!$Y93:$AA93)>0,SUM('Soumission rapide'!$Y93:$AA93),"") -> 1603.04
A94: Charpentier | B94: Installation poutre non encastré LVL (p²) | E94: 0.75 | G94: 12 | Y94: =IF('Soumission rapide'!$D94*(SUM('Soumission rapide'!$H94:$X94))>0,'Soumission rapide'!$D94*(SUM('Soumission rapide'!$H94:$X94)),"") | Z94: =IF('Soumission rapide'!$E94*(1+'Soumission rapide'!$F94)*(SUM('Soumission rapide'!$H94:$X94))>0,'Soumission rapide'!$E94*(1+'Soumission rapide'!$F94)*(SUM('Soumission rapide'!$H94:$X94)),"") | AA94: =IF('Soumission rapide'!$G94*(SUM('Soumission rapide'!$H94:$X94))>0,'Soumission rapide'!$G94*(SUM('Soumission rapide'!$H94:$X94)),"") | AB94: =IF(SUM('Soumission rapide'!$Y94:$AA94)>0,SUM('Soumission rapide'!$Y94:$AA94),"")
A95: Charpentier | B95: Installation poutre encastré LVL (p²) | E95: 0.75 | G95: 29.5 | Y95: =IF('Soumission rapide'!$D95*(SUM('Soumission rapide'!$H95:$X95))>0,'Soumission rapide'!$D95*(SUM('Soumission rapide'!$H95:$X95)),"") | Z95: =IF('Soumission rapide'!$E95*(1+'Soumission rapide'!$F95)*(SUM('Soumission rapide'!$H95:$X95))>0,'Soumission rapide'!$E95*(1+'Soumission rapide'!$F95)*(SUM('Soumission rapide'!$H95:$X95)),"") | AA95: =IF('Soumission rapide'!$G95*(SUM('Soumission rapide'!$H95:$X95))>0,'Soumission rapide'!$G95*(SUM('Soumission rapide'!$H95:$X95)),"") | AB95: =IF(SUM('Soumission rapide'!$Y95:$AA95)>0,SUM('Soumission rapide'!$Y95:$AA95),"")
A96: Charpentier | B96: Installation poutre acier (p²) | E96: 4.75 | G96: 29.5 | Y96: =IF('Soumission rapide'!$D96*(SUM('Soumission rapide'!$H96:$X96))>0,'Soumission rapide'!$D96*(SUM('Soumission rapide'!$H96:$X96)),"") | Z96: =IF('Soumission rapide'!$E96*(1+'Soumission rapide'!$F96)*(SUM('Soumission rapide'!$H96:$X96))>0,'Soumission rapide'!$E96*(1+'Soumission rapide'!$F96)*(SUM('Soumission rapide'!$H96:$X96)),"") | AA96: =IF('Soumission rapide'!$G96*(SUM('Soumission rapide'!$H96:$X96))>0,'Soumission rapide'!$G96*(SUM('Soumission rapide'!$H96:$X96)),"") | AB96: =IF(SUM('Soumission rapide'!$Y96:$AA96)>0,SUM('Soumission rapide'!$Y96:$AA96),"")
A97: Charpentier | B97: Tirage de joint (p²) | E97: 0.05 | G97: 2 | Y97: =IF('Soumission rapide'!$D97*(SUM('Soumission rapide'!$H97:$X97))>0,'Soumission rapide'!$D97*(SUM('Soumission rapide'!$H97:$X97)),"") | Z97: =IF('Soumission rapide'!$E97*(1+'Soumission rapide'!$F97)*(SUM('Soumission rapide'!$H97:$X97))>0,'Soumission rapide'!$E97*(1+'Soumission rapide'!$F97)*(SUM('Soumission rapide'!$H97:$X97)),"") | AA97: =IF('Soumission rapide'!$G97*(SUM('Soumission rapide'!$H97:$X97))>0,'Soumission rapide'!$G97*(SUM('Soumission rapide'!$H97:$X97)),"") | AB97: =IF(SUM('Soumission rapide'!$Y97:$AA97)>0,SUM('Soumission rapide'!$Y97:$AA97),"")
A98: Charpentier | B98: Peinturer (p²) | E98: 0.1 | F98: 0.1 | G98: 1.25 | Y98: =IF('Soumission rapide'!$D98*(SUM('Soumission rapide'!$H98:$X98))>0,'Soumission rapide'!$D98*(SUM('Soumission rapide'!$H98:$X98)),"") | Z98: =IF('Soumission rapide'!$E98*(1+'Soumission rapide'!$F98)*(SUM('Soumission rapide'!$H98:$X98))>0,'Soumission rapide'!$E98*(1+'Soumission rapide'!$F98)*(SUM('Soumission rapide'!$H98:$X98)),"") | AA98: =IF('Soumission rapide'!$G98*(SUM('Soumission rapide'!$H98:$X98))>0,'Soumission rapide'!$G98*(SUM('Soumission rapide'!$H98:$X98)),"") | AB98: =IF(SUM('Soumission rapide'!$Y98:$AA98)>0,SUM('Soumission rapide'!$Y98:$AA98),"")
A99: Charpentier | B99: Installation vanité (un) | C99: x | G99: 60 | M99: 1 | Y99: =IF('Soumission rapide'!$D99*(SUM('Soumission rapide'!$H99:$X99))>0,'Soumission rapide'!$D99*(SUM('Soumission rapide'!$H99:$X99)),"") | Z99: =IF('Soumission rapide'!$E99*(1+'Soumission rapide'!$F99)*(SUM('Soumission rapide'!$H99:$X99))>0,'Soumission rapide'!$E99*(1+'Soumission rapide'!$F99)*(SUM('Soumission rapide'!$H99:$X99)),"") | AA99: =IF('Soumission rapide'!$G99*(SUM('Soumission rapide'!$H99:$X99))>0,'Soumission rapide'!$G99*(SUM('Soumission rapide'!$H99:$X99)),"") -> 60 | AB99: =IF(SUM('Soumission rapide'!$Y99:$AA99)>0,SUM('Soumission rapide'!$Y99:$AA99),"") -> 60
A100: Charpentier | B100: Faire sorti sécheuse (un) | E100: 50 | G100: 120 | Y100: =IF('Soumission rapide'!$D100*(SUM('Soumission rapide'!$H100:$X100))>0,'Soumission rapide'!$D100*(SUM('Soumission rapide'!$H100:$X100)),"") | Z100: =IF('Soumission rapide'!$E100*(1+'Soumission rapide'!$F100)*(SUM('Soumission rapide'!$H100:$X100))>0,'Soumission rapide'!$E100*(1+'Soumission rapide'!$F100)*(SUM('Soumission rapide'!$H100:$X100)),"") | AA100: =IF('Soumission rapide'!$G100*(SUM('Soumission rapide'!$H100:$X100))>0,'Soumission rapide'!$G100*(SUM('Soumission rapide'!$H100:$X100)),"") | AB100: =IF(SUM('Soumission rapide'!$Y100:$AA100)>0,SUM('Soumission rapide'!$Y100:$AA100),"")
...
